 Dungeon Crawl Stone Soup version 0.30.0-20-g3615ddf2f0 (webtiles) character file.

Game seed: 5823285194082204687

317221 qw the Impregnable (level 21, -1/140 HPs)
             Began as a Gargoyle Fighter on May 27, 2023.
             Was an Elder of Okawaru.
             Slain by a 20-headed hydra (2 damage)
             ... on level 2 of the Depths.
             The game lasted 00:38:16 (44326 turns).

qw the Impregnable (Gargoyle Fighter)              Turns: 44326, Time: 00:38:17

Health: -1/140     AC: 64    Str: 30    XL:     21   Next: 42%
Magic:  27/28      EV: 15    Int: 10    God:    Okawaru [****..]
Gold:   1557       SH: 28    Dex:  9    Spells: 20/20 levels left

rFire   . . .        I - +5 broad axe (spect)
rCold   . . .        C - +1 tower shield {AC+3}
rNeg    + . .        a - +2 crystal plate armour
rPois   inf          o - +1 helmet
rElec   +            v - +0 cloak "Xuceme Nache" {Will+}
rCorr   .            j - +2 pair of gloves
SInv    +            E - +1 pair of boots {Fly}
Will    ++...        i - amulet of reflection Stlth
                     w - ring of see invisible
HPRegen 0.43/turn    c - +5 ring of evasion
MPRegen 0.21/turn

%: reflection
@: heroic, flying
A: sickness immunity, AC +16, big wings, negative energy resistance 1,
electricity resistance, torment resistance 1, petrification resistance
}: 2/15 runes: decaying, serpentine
a: Renounce Religion, Heroism, Finesse


You were on level 2 of the Depths.
You worshipped Okawaru.
Okawaru was greatly pleased with you.
You visited 8 branches of the dungeon, and saw 37 of its levels.
You also visited: Gauntlet.

You collected 4424 gold pieces.
You spent 2867 gold pieces at shops.


Innate Abilities, Weirdness & Mutations

You are immune to sickness and miasma.
Your stone body is resilient. (AC +16)
You are immune to poison.
Your large and strong wings let you fly.
You resist negative energy. (rN+)
You are resistant to electric shocks. (rElec)
You are resistant to unholy torment.
You are immune to petrification.


   Skills:
 + Level 17.5(22.5) Fighting
 - Level 18.0(23.0) Axes
 - Level 9.0(14.0) Throwing
 - Level 21.0(26.0) Armour
 - Level 4.0(9.0) Dodging
 - Level 19.4(24.4) Shields
 - Level 10.1 Invocations


You had 20 spell levels left.
You didn't know any spells.
Your spell library was empty.

Inventory:

Hand Weapons
 I - a +5 spectral broad axe (weapon)
Missiles
 f - 23 boomerangs
 L - 6 silver boomerangs (quivered)
Armour
 a - a +2 crystal plate armour (worn)
 b - +0 acid dragon scales
 j - a +2 pair of gloves (worn)
 n - the +1 pair of gloves of Eqimacod {rCorr}
   (Okawaru gifted it to you on level 13 of the Dungeon)

   rCorr:     It protects you from acid and corrosion.
 o - a +1 helmet (worn)
 t - a +0 tower shield of fire resistance
 v - the +0 cloak "Xuceme Nache" (worn) {Will+}
   (Okawaru gifted it to you on level 1 of the Swamp)

   Will:      It increases your willpower.
 C - a +1 tower shield of protection (worn)
 D - a +2 plate armour of fire resistance
 E - a +1 pair of boots of flying (worn)
 F - a +2 cloak
 H - the +2 plate armour of an ice cave {rF- rC+ rN+++ Dex+2}
   (You bought it in a shop on level 4 of the Snake Pit)

   Dex:       It affects your dexterity (+2).
   rF:        It makes you vulnerable to fire.
   rC:        It protects you from cold.
   rN:        It renders you almost immune to negative energy.
Jewellery
 c - a +5 ring of evasion (right hand)
 i - an amulet of reflection (around neck)
 l - a ring of willpower
 w - a ring of see invisible (left hand)
 B - a ring of protection from fire
 J - a ring of protection from cold
 Y - the ring of Diloafoe {Fly rPois rF+ Int+2 Dex+2}
   (You found it on level 5 of the Lair of Beasts)

   [ring of flight]

   Int:       It affects your intelligence (+2).
   Dex:       It affects your dexterity (+2).
   rF:        It protects you from fire.
   rPois:     It protects you from poison.
   Fly:       It grants you flight.
Wands
 r - a wand of digging (23)
Scrolls
 g - 9 scrolls of identify
 A - 18 scrolls of teleportation
 K - 2 scrolls of brand weapon
Potions
 d - 6 potions of might
 e - 9 potions of haste
 h - 18 potions of lignification
 k - 6 potions of cancellation
 m - 16 potions of curing
 q - 6 potions of attraction
 s - 6 potions of heal wounds
 u - 2 potions of resistance
 x - 6 potions of mutation
 z - 4 potions of magic

Dungeon Overview and Level Annotations

Branches:
Dungeon (15/15)            Temple (1/1) D:7            Lair (5/5) D:11
  Swamp (4/4) Lair:3        Snake (4/4) Lair:3        Slime (0/5) Lair:5
    Orc (2/2) D:10            Elf (0/3) Orc:2        Vaults (4/5) D:13
  Crypt (0/3) Vaults:3     Depths (2/4) D:15        Gauntlet (visited)

Altars:
Ashenzari
Cheibriados
Dithmenos
Elyvilon
Fedhas
Gozag
Hepliaklqana
Kikubaaqudgha
Makhleb
Nemelex Xobeh
Okawaru
Qazlal
Ru
Sif Muna
Trog
Uskayaw
Vehumet
Wu Jian
Xom
Yredelemnul
Zin
The Shining One

Shops:
D:2 !   D:6 (   D:7 (   D:14 *   Orc:2 !?(:   Snake:2 [!   Snake:4 [:
Vaults:1 !   Depths:1 ?

Portals:
Hell: Depths:1
Pandemonium: Depths:1 Depths:2
Ziggurat: Depths:1

Annotations:
D:10 2 transporters, qw's ghost, journeyman GrFi
D:11 2 transporters, qw's ghost, journeyman GrFi
D:12 1 transporter, Netaeli's ghost, journeyman SpVM
D:14 2 runed translucent doors
Orc:1 4 transporters, burt's ghost, journeyman DrCj


Message History

The 20-headed hydra is moderately wounded.
Your +5 spectral broad axe hits the 20-headed hydra!
Your +5 spectral broad axe lops one of the 20-headed hydra's heads off!
You block the 19-headed hydra's attack. The 19-headed hydra bites you.
The 19-headed hydra barely misses you.
The 19-headed hydra bites you but does no damage.
You block the 19-headed hydra's attack. x2
The 19-headed hydra bites you but does no damage. x2
The 19-headed hydra closely misses you. The 19-headed hydra barely misses you.
The 19-headed hydra bites you but does no damage. x2
The 19-headed hydra barely misses you. The 19-headed hydra misses you.
The 19-headed hydra barely misses you.
You block the 19-headed hydra's attack. x2
The 19-headed hydra closely misses you. You block the 19-headed hydra's attack.
You slice one of the 19-headed hydra's heads off!
The 18-headed hydra grows two more!
You slash the 20-headed hydra!
The 20-headed hydra is heavily wounded.
Your +5 spectral broad axe hits the 20-headed hydra.
Your +5 spectral broad axe chops one of the 20-headed hydra's heads off!
You block the 19-headed hydra's attack. x4
The 19-headed hydra bites you but does no damage.
The 19-headed hydra bites you!
The 19-headed hydra bites you but does no damage.
The 19-headed hydra closely misses you.
The 19-headed hydra bites you but does no damage. x2
The 19-headed hydra bites you. The 19-headed hydra closely misses you.
The 19-headed hydra bites you but does no damage.
The 19-headed hydra completely misses you.
The 19-headed hydra closely misses you.
The 19-headed hydra bites you but does no damage.
The 19-headed hydra barely misses you.
The 19-headed hydra bites you but does no damage. x2
You slice one of the 19-headed hydra's heads off!
The 18-headed hydra grows two more!
You open the 20-headed hydra like a pillowcase!!!
The 20-headed hydra is almost dead.
Your +5 spectral broad axe barely misses the 20-headed hydra.
The 20-headed hydra bites you! x2; You block the 20-headed hydra's attack. x4
The 20-headed hydra bites you. The 20-headed hydra bites you!
The 20-headed hydra barely misses you. The 20-headed hydra bites you.
You die...

# ~~~Y.7 ......777777#..
# .....7
P.....7####.##.. # .
.7...... #........ #
..7....... #........ #
.7.......7 #.%%..##. #
7..P....?#######%.).####
# .().................#
# ......D7.#.........P#
......(@.ยค.....###..#
(.7#####'#....## ####
#......7...## ### #
#...........# ##.###


777 #...P.##..### ##..... ##.###....###### #.:##.# #.P.P.....# #. #.#...
#........P# #.# #...## ## ##...P.##### #.#####.#.#. You could see a 20-headed
hydra (strong) and a friendly +5 spectral broad axe.

Vanquished Creatures
  Mennas (Vaults:2)
  Vashnia (Snake:4)
  the Enchantress (Depths:2)
  Nikola (Vaults:3)
  Jorgrun (D:15)
  A tentacled monstrosity (Swamp:3)
  Zenata (Vaults:2)
  Asterion (Snake:3)
  5 sphinxes
  Kirke (Lair:4)
  A storm dragon (Vaults:4)
  A tengu reaver (Depths:1)
  4 nagarajas
  Donald (Orc:2)
  A frost giant (Depths:2)
  An azure jelly (Swamp:4)
  2 fire giants (Depths:1)
  Louise (D:15)
  12 vault wardens
  A balrug (Gauntlet)
  Aizul (Snake:2)
  An orc warlord (Vaults:3)
  2 very ugly things
  3 spriggan defenders (Depths:2)
  3 vampire knights
  7 stone giants
  18 ironbound preservers
  3 ironbound thunderhulks (Vaults:4)
  A war gargoyle (Vaults:4)
  Nessos (Orc:2)
  6 eleionomae
  4 bunyips
  9 dire elephants
  Azrael (D:14)
  A minotaur (Gauntlet)
  5 fire dragons
  4 ettins
  Snorg (Lair:3)
  Josephine (D:15)
  A shambling mangrove (Swamp:3)
  6 yaktaur captains
  6 great orbs of eyes
  2 entropy weavers
  13 vault guards
  3 hydras
  7 ice dragons
  2 spriggan air magi
  3 ghost crabs
  17 anacondas
  3 ogre magi
  2 centaur warriors
  2 peacekeepers (Vaults:4)
  8 ironbound frosthearts
  2 salamander tyrants
  A hell beast (Depths:2)
  A death knight (D:14)
  5 catoblepae
  8 boulder beetles
  12 alligators
  16 two-headed ogres
  3 deep troll earth magi
  2 hell hogs (Depths:2)
  3 deep troll shamans
  An orc high priest (Orc:1)
  25 naga warriors
  10 death yaks
  2 spriggan berserkers (Depths:2)
  Nergalle (D:11)
  2 tengu warriors
  9 naga sharpshooters
  3 shock serpents
  2 skysharks
  Sonja (Lair:3)
  An iron troll (Depths:1)
  8 skeletal warriors
  3 goliath frogs (Swamp:2)
  A sixfirhy (Depths:1)
  A glowing orange brain (Vaults:4)
  A salamander mystic (Snake:4)
  39 deep trolls
  A flayed ghost (Depths:1)
  4 spriggan druids
  5 bog bodies
  4 swamp dragons
  6 naga ritualists
  6 harpies
  A necromancer (Vaults:3)
  3 phantasmal warriors
  12 ironbound convokers
  2 orc knights
  Pikel (D:4)
  8 lindwurms
  5 wizards
  3 deep elf pyromancers
  9 mana vipers
  An orc sorcerer (Orc:1)
  A harpy (shapeshifter) (D:13)
  5 cyclopes
  16 salamanders
  A wolf spider (Depths:2)
  21 ugly things
  A manticore (D:15)
  4 oklob plants (Lair:5)
  5 will-o-the-wisps
  A moth of wrath (Depths:2)
  2 elephants (Lair:5)
  33 black mambas
  13 guardian serpents
  A rust devil (D:11)
  17 vault sentinels
  A black mamba (shapeshifter) (D:14)
  10 naga magi
  A gargoyle (D:12)
  31 yaktaurs
  7 cane toads
  A tormentor (Depths:1)
  An ice devil (Depths:1)
  2 unseen horrors (D:12)
  6 freezing wraiths
  A rime drake (shapeshifter) (D:13)
  2 rime drakes
  9 komodo dragons
  A tengu conjurer (D:13)
  A bloated husk (Swamp:1)
  A hellwing (Depths:1)
  10 tyrant leeches
  12 trolls
  2 polar bears
  18 blink frogs
  6 hornets
  A raiju (Gauntlet)
  A fire giant simulacrum (Vaults:3)
  5 flying skulls (Gauntlet)
  21 slime creatures
  2 vampires
  52 yaks
  2 ynoxinuls (Depths:1)
  A culicivora (shapeshifter) (D:14)
  2 spriggans
  9 wraiths
  Eustachio (D:4)
  2 chaos spawn (Depths:1)
  5 hogs (Lair:4)
  5 wyverns
  4 swamp worm simulacra (Swamp:4)
  A basilisk (D:12)
  2 ettin skeletons (Vaults:3)
  5 steam dragons
  3 vampire mosquitoes (Swamp:4)
  A neqoxec (Depths:1)
  A redback (Vaults:4)
  Menkaure (D:5)
  46 nagas
  12 wargs
  An acid dragon (D:12)
  An elf skeleton (Vaults:3)
  A swamp worm (shapeshifter) (Vaults:1)
  23 swamp worms
  5 hell hounds
  9 water moccasins
  14 hydra simulacra (Swamp:4)
  21 orc warriors
  An ice beast (D:5)
  A black bear (Lair:5)
  23 ogres
  25 wolves
  4 boggarts (D:15)
  9 centaurs
  3 lemures (D:4)
  A phantom (D:6)
  A kobold brigand (D:7)
  5 bullfrogs
  2 scorpions (D:6)
  A human skeleton (Vaults:3)
  2 gnoll sergeants
  4 wights (D:7)
  14 killer bees
  3 electric eels
  A crimson imp (D:8)
  15 orc priests
  3 jellies
  A hound (D:6)
  6 iguanas
  Ijyb (D:4)
  13 orc wizards
  A sleepcap (D:6)
  5 hell rats (Lair:5)
  4 gnolls (D:6)
  5 adders
  2 shadow imps
  A white imp (Vaults:3)
  4 swamp drake simulacra (Swamp:4)
  2 worms
  3 dart slugs
  75 orcs
  6 endoplasms
  2 giant cockroaches
  6 hobgoblins
  8 jackals
  A quokka (D:3)
  4 ball pythons
  2 bats (D:3)
  3 frilled lizards
  4 goblins
  5 kobolds
  4 rats
  A spectral weapon (Depths:2)
1211 creatures vanquished.

Vanquished Creatures (others)
  An ugly thing (D:14)
  A freezing wraith (D:14)
  2 hornets
  2 spriggans
  An orc (D:8)
  21 foxfires
  44 spectral weapons
72 creatures vanquished.

Grand Total: 1283 creatures vanquished

Notes
Turn   | Place    | Note
-------+----------+-------------------------------------------
     0 | D:1      | qw the Gargoyle Fighter began the quest for the Orb.
     0 | D:1      | Reached XP level 1. HP: 14/14 MP: 1/1
     0 | D:1      | 0 ||| qw: Version: 0.2-a-99-gce666ed
     0 | D:1      | 0 ||| qw: Game counter: 184
     0 | D:1      | 0 ||| qw: Always use a shield: true
     0 | D:1      | 0 ||| qw: God list: Okawaru
     0 | D:1      | 0 ||| qw: Allow faded altars: false
     0 | D:1      | 0 ||| qw: Do Orc after D:15 true
     0 | D:1      | 0 ||| qw: Do second Lair branch before Depths: true
     0 | D:1      | 0 ||| qw: Lair rune preference: random
     0 | D:1      | 0 ||| qw: Plans: Normal, Zot:1-4, God:TSO, Crypt, Tomb,
                  | Pan, Slime:5, Hells, Abyss, Win
     0 | D:1      | 0 ||| PLANNING D:1-11
   149 | D:1      | 149 ||| Stepping ~*~*~tactically~*~*~ (hiding).
   159 | D:1      | Reached XP level 2. HP: 19/19 MP: 2/2
   212 | D:1      | Found a faded altar of an unknown god.
   223 | D:1      | 223 ||| Stepping ~*~*~tactically~*~*~ (hiding).
   224 | D:1      | 224 ||| Stepping ~*~*~tactically~*~*~ (hiding).
   334 | D:1      | 334 ||| DROPPING +0 club.
   379 | D:1      | 379 ||| DROPPING +0 whip.
   781 | D:1      | 781 ||| READING 2 scrolls labelled OLUXUY ROGG.
   782 | D:1      | 782 ||| DROPPING scroll of noise.
   830 | D:2      | Found Variufa's Distillery.
   864 | D:2      | 864 ||| SHOPLISTING 2 potions of lignification (72 gold,
                  | have 33).
   864 | D:2      | 864 ||| SHOPLISTING 2 potions of resistance (240 gold, have
                  | 33).
   864 | D:2      | 864 ||| SHOPLISTING potion of attraction (36 gold, have
                  | 33).
   864 | D:2      | 864 ||| SHOPLISTING potion of curing (36 gold, have 33).
   864 | D:2      | 864 ||| SHOPLISTING potion of haste (120 gold, have 33).
   864 | D:2      | 864 ||| SHOPLISTING potion of mutation (96 gold, have 33).
   917 | D:2      | 917 ||| SWAPPING to +3 war axe of flaming.
   918 | D:2      | 918 ||| DROPPING +2 whip of venom.
   919 | D:2      | 919 ||| DROPPING +0 war axe.
   936 | D:2      | Reached skill level 3 in Axes
  1274 | D:2      | Reached XP level 3. HP: 23/23 MP: 3/3
  1712 | D:2      | 1712 ||| UPGRADING to +0 chain mail.
  1722 | D:2      | 1722 ||| DROPPING +0 scale mail.
  1723 | D:2      | 1723 ||| UPGRADING to amulet of reflection.
  1728 | D:2      | 1728 ||| READING scroll labelled ERHINI XEDEH.
  1729 | D:2      | 1729 ||| READING 3 scrolls labelled PIEGIATO OM QASH.
  1730 | D:2      | 1730 ||| READING 2 scrolls labelled DECLOAR SUEFOU.
  1731 | D:2      | 1731 ||| READING 2 scrolls labelled KAOPRU ELUTS.
  1735 | D:2      | 1735 ||| READING 2 scrolls of identify.
  1735 | D:2      | 1735 ||| IDENTIFYING murky white potion
  1736 | D:2      | 1736 ||| DROPPING scroll of magic mapping.
  1782 | D:3      | Reached XP level 4. HP: 27/28 MP: 4/4
  1846 | D:3      | Found a glowing golden altar of the Shining One.
  2124 | D:3      | Found an opulent altar of Gozag.
  2259 | D:3      | 2259 ||| UPGRADING to +0 pair of gloves.
  2264 | D:3      | 2264 ||| READING scroll labelled TIAMEV ITOI.
  2522 | D:4      | Noticed Eustachio
  2545 | D:4      | HP: 5/28 [shadow imp/nerve-wracking pain[Eustachio] (5)]
  2546 | D:4      | 2546 ||| READING 2 scrolls of teleportation.
  2549 | D:4      | Killed Eustachio
  2550 | D:4      | Reached XP level 5. HP: 5/32 MP: 5/5
  2550 | D:4      | Reached XP level 6. HP: 6/37 MP: 6/6
  2916 | D:4      | Reached skill level 1 in Throwing
  3070 | D:4      | Noticed Pikel
  3080 | D:4      | HP: 4/37 [Pikel/+1 whip of electrocution (6)]
  3081 | D:4      | 3081 ||| READING scroll of teleportation.
  3083 | D:4      | HP: 1/37 [Pikel/+1 whip of electrocution (2)]
  3295 | D:4      | Killed Pikel
  3296 | D:4      | Reached skill level 6 in Fighting
  3296 | D:4      | Reached XP level 7. HP: 28/47 MP: 7/7
  3398 | D:4      | Noticed Ijyb
  3399 | D:4      | 3399 ||| Stepping ~*~*~tactically~*~*~ (hiding).
  3401 | D:4      | 3401 ||| Stepping ~*~*~tactically~*~*~ (hiding).
  3402 | D:4      | 3402 ||| Stepping ~*~*~tactically~*~*~ (hiding).
  3403 | D:4      | 3403 ||| Stepping ~*~*~tactically~*~*~ (hiding).
  3408 | D:4      | Paralysed by Ijyb for 2 turns
  3411 | D:4      | Killed Ijyb
  3688 | D:5      | Entered Level 5 of the Dungeon
  3709 | D:5      | Reached skill level 6 in Axes
  3856 | D:5      | Found a broken altar of Ashenzari.
  3856 | D:5      | Found a snail-covered altar of Cheibriados.
  3857 | D:5      | Found a sparkling altar of Nemelex Xobeh.
  3863 | D:5      | Reached XP level 8. HP: 52/52 MP: 8/8
  4013 | D:5      | Noticed Menkaure
  4025 | D:5      | Killed Menkaure
  4053 | D:5      | 4053 ||| FLEEEEING.
  4054 | D:5      | 4054 ||| FLEEEEING.
  4055 | D:5      | 4055 ||| FLEEEEING.
  4338 | D:5      | 4338 ||| UPGRADING to +0 helmet.
  4343 | D:5      | 4343 ||| DRINKING 3 ruby potions.
  4344 | D:5      | 4344 ||| READING 2 scrolls of identify.
  4344 | D:5      | 4344 ||| IDENTIFYING lumpy coppery potion
  4345 | D:5      | 4345 ||| DROPPING potion of magic.
  4582 | D:6      | Found Beagau's Hydra Hut.
  4584 | D:6      | Noticed a seven-headed hydra
  4822 | D:6      | 4822 ||| Stepping ~*~*~tactically~*~*~ (stealth).
  4824 | D:6      | 4824 ||| Stepping ~*~*~tactically~*~*~ (hiding).
  5087 | D:6      | 5087 ||| READING scroll labelled TOEDOGGIOW.
  5088 | D:6      | 5088 ||| READING scroll labelled CISOYT BOEMO.
  5089 | D:6      | 5089 ||| DRINKING 2 silvery potions.
  5090 | D:6      | 5090 ||| DRINKING 2 blue potions.
  5091 | D:6      | 5091 ||| DROPPING potion of brilliance.
  5114 | D:7      | Reached XP level 9. HP: 40/56 MP: 9/9
  5118 | D:7      | Reached skill level 4 in Armour
  5121 | D:7      | HP: 13/56 [wight/+3 halberd of freezing (6)]
  5122 | D:7      | 5122 ||| READING scroll of teleportation.
  5123 | D:7      | 5123 ||| DRINKING 2 potions of heal wounds.
  5338 | D:7      | 5338 ||| Stepping ~*~*~tactically~*~*~ (hiding).
  5356 | D:7      | Reached skill level 9 in Axes
  5476 | D:7      | Found Seamib's Weapon Shop.
  5738 | D:7      | Found a staircase to the Ecumenical Temple.
  5739 | D:7      | 5739 ||| PLANNING TEMPLE
  5739 | D:7      | 5739 ||| UPGRADING to ring of protection from fire.
  5740 | D:7      | 5740 ||| READING scroll labelled EDGHEH USAUNAQ.
  5741 | D:7      | 5741 ||| DRINKING 2 black potions.
  5742 | D:7      | 5742 ||| READING 3 scrolls of identify.
  5742 | D:7      | 5742 ||| IDENTIFYING murky black potion
  5743 | D:7      | 5743 ||| READING 2 scrolls of identify.
  5743 | D:7      | 5743 ||| IDENTIFYING glowing coppery potion
  5752 | Temple   | Entered the Ecumenical Temple
  5761 | Temple   | 5761 ||| PLANNING OKAWARU WORSHIP
  5936 | Temple   | Became a worshipper of Warmaster Okawaru
  5936 | Temple   | 5936 ||| PLANNING D:1-11
  6301 | D:8      | 6301 ||| Stepping ~*~*~tactically~*~*~ (hiding).
  6307 | D:8      | Reached skill level 5 in Armour
  6591 | D:8      | 6591 ||| Stepping ~*~*~tactically~*~*~ (stealth).
  6643 | D:8      | 6643 ||| Stepping ~*~*~tactically~*~*~ (stealth).
  6694 | D:8      | 6694 ||| Stepping ~*~*~tactically~*~*~ (hiding).
  6699 | D:8      | Reached * piety under Okawaru
  6703 | D:8      | 6703 ||| INVOKING Heroism.
  6710 | D:8      | Reached skill level 1 in Invocations
  6716 | D:8      | 6716 ||| Stepping ~*~*~tactically~*~*~ (hiding).
  6724 | D:8      | Reached XP level 10. HP: 48/63 MP: 9/11
  7062 | D:8      | Found a white marble altar of Elyvilon.
  7063 | D:8      | 7063 ||| Stepping ~*~*~tactically~*~*~ (stealth).
  7065 | D:8      | 7065 ||| FLEEEEING.
  7066 | D:8      | 7066 ||| FLEEEEING.
  7067 | D:8      | 7067 ||| FLEEEEING.
  7068 | D:8      | 7068 ||| FLEEEEING.
  7163 | D:8      | 7163 ||| INVOKING Heroism.
  7363 | D:8      | Found a radiant altar of Vehumet.
  7363 | D:8      | Found a burning altar of Makhleb.
  7470 | D:8      | 7470 ||| UPGRADING to +0 plate armour.
  7480 | D:8      | 7480 ||| DROPPING +0 chain mail.
  7481 | D:8      | 7481 ||| UPGRADING to +0 kite shield.
  7491 | D:8      | 7491 ||| DROPPING +0 buckler.
  7581 | D:9      | Reached skill level 3 in Invocations
  7583 | D:9      | 7583 ||| INVOKING Heroism.
  7742 | D:9      | 7742 ||| Stepping ~*~*~tactically~*~*~ (hiding).
  7745 | D:9      | 7745 ||| INVOKING Heroism.
  7751 | D:9      | 7751 ||| Stepping ~*~*~tactically~*~*~ (stealth).
  7772 | D:9      | 7772 ||| Stepping ~*~*~tactically~*~*~ (hiding).
  7773 | D:9      | 7773 ||| Stepping ~*~*~tactically~*~*~ (hiding).
  7951 | D:9      | 7951 ||| Stepping ~*~*~tactically~*~*~ (stealth).
  7953 | D:9      | 7953 ||| Stepping ~*~*~tactically~*~*~ (hiding).
  7956 | D:9      | 7956 ||| INVOKING Heroism.
  8032 | D:9      | 8032 ||| READING scroll of enchant armour.
  8032 | D:9      | 8032 ||| ENCHANTING +0 pair of gloves.
  8175 | D:9      | 8175 ||| UPGRADING to +5 ring of evasion.
  8176 | D:9      | 8176 ||| READING scroll labelled FUGRECZ RAUQ.
  8195 | D:10     | Entered Level 10 of the Dungeon
  8216 | D:10     | 8216 ||| Stepping ~*~*~tactically~*~*~ (stealth).
  8233 | D:10     | Reached skill level 6 in Shields
  8328 | D:10     | Noticed a two-headed ogre
  8329 | D:10     | 8329 ||| INVOKING Heroism.
  8340 | D:10     | Killed a two-headed ogre
  8340 | D:10     | Reached ** piety under Okawaru
  8508 | D:10     | Found a staircase to the Orcish Mines.
  8538 | D:10     | 8538 ||| Stepping ~*~*~tactically~*~*~ (stealth).
  8539 | D:10     | 8539 ||| Stepping ~*~*~tactically~*~*~ (stealth).
  8546 | D:10     | 8546 ||| INVOKING Heroism.
  8625 | D:10     | 8625 ||| INVOKING Heroism.
  8630 | D:10     | 8630 ||| Stepping ~*~*~tactically~*~*~ (hiding).
  8734 | D:10     | Noticed a two-headed ogre
  8735 | D:10     | 8735 ||| Stepping ~*~*~tactically~*~*~ (stealth).
  8737 | D:10     | 8737 ||| INVOKING Heroism.
  8744 | D:10     | Killed a two-headed ogre
  8745 | D:10     | Reached skill level 7 in Armour
  8746 | D:10     | 8746 ||| Stepping ~*~*~tactically~*~*~ (stealth).
  8753 | D:10     | Reached XP level 11. HP: 68/68 MP: 12/14
  8758 | D:10     | Reached skill level 9 in Shields
  8784 | D:10     | Found a transporter.
  8788 | D:10     | Noticed a moth of wrath
  8790 | D:10     | Noticed qw's ghost (journeyman GrFi)
  8807 | D:10     | Found a transporter.
  9262 | D:10     | 9262 ||| READING scroll labelled GAYN VO PAO.
  9262 | D:10     | Identified a scroll of acquirement
  9262 | D:10     | 9262 ||| ACQUIRING +11 broad axe of Hepliaklqana's Hope
                  | {freeze, Int+3 Dex+2}
  9262 | D:10     | Acquired the +11 broad axe of Hepliaklqana's Hope {freeze,
                  | Int+3 Dex+2}
  9264 | D:10     | 9264 ||| SWAPPING to +11 broad axe of Hepliaklqana's Hope
                  | {freeze, Int+3 Dex+2}.
  9265 | D:10     | 9265 ||| READING 5 scrolls of identify.
  9265 | D:10     | 9265 ||| IDENTIFYING viscous pink potion
  9266 | D:10     | 9266 ||| DROPPING potion of invisibility.
  9315 | D:11     | 9315 ||| INVOKING Heroism.
  9335 | D:11     | Reached skill level 3 in Throwing
  9388 | D:11     | Found a transporter.
  9388 | D:11     | Found a transporter.
  9389 | D:11     | Noticed qw's ghost (journeyman GrFi)
  9402 | D:11     | 9402 ||| INVOKING Heroism.
  9402 | D:11     | Noticed a cyclops
  9410 | D:11     | Killed a cyclops
  9410 | D:11     | Reached *** piety under Okawaru
  9440 | D:11     | Noticed a boulder beetle
  9441 | D:11     | 9441 ||| INVOKING Heroism.
  9450 | D:11     | HP: 11/68 [orc priest/divine providence (16)]
  9451 | D:11     | 9451 ||| READING 3 scrolls of teleportation.
  9452 | D:11     | 9452 ||| DRINKING 2 potions of heal wounds.
  9453 | D:11     | Found a staircase to the Lair.
  9455 | D:11     | Found a burning altar of Makhleb.
  9455 | D:11     | Noticed Nergalle
  9462 | D:11     | 9462 ||| INVOKING Heroism.
  9475 | D:11     | HP: 11/63 [Nergalle/bolt of negative energy (18)]
  9476 | D:11     | 9476 ||| READING 2 scrolls of teleportation.
  9477 | D:11     | 9477 ||| DRINKING potion of heal wounds.
  9478 | D:11     | Killed Nergalle
  9623 | D:11     | 9623 ||| Stepping ~*~*~tactically~*~*~ (hiding).
  9624 | D:11     | 9624 ||| Stepping ~*~*~tactically~*~*~ (hiding).
  9766 | D:11     | 9766 ||| Stepping ~*~*~tactically~*~*~ (hiding).
  9767 | D:11     | 9767 ||| Stepping ~*~*~tactically~*~*~ (hiding).
  9825 | D:11     | Noticed a cyclops
  9827 | D:11     | 9827 ||| Stepping ~*~*~tactically~*~*~ (hiding).
  9832 | D:11     | 9832 ||| INVOKING Heroism.
  9836 | D:11     | Killed a cyclops
  9928 | D:11     | 9928 ||| INVOKING Heroism.
  9934 | D:11     | Killed a boulder beetle
  9971 | D:11     | Noticed a cyan ugly thing
  9974 | D:11     | 9974 ||| Stepping ~*~*~tactically~*~*~ (stealth).
  9983 | D:11     | Killed a cyan ugly thing
  9986 | D:11     | 9986 ||| Stepping ~*~*~tactically~*~*~ (hiding).
 10004 | D:11     | 10004 ||| Stepping ~*~*~tactically~*~*~ (stealth).
 10012 | D:11     | 10012 ||| INVOKING Heroism.
 10218 | D:11     | Reached skill level 9 in Fighting
 10221 | D:11     | Reached **** piety under Okawaru
 10253 | D:11     | You fall into a shaft and drop 1 floor!
 10263 | D:12     | Found the ring of the Mage {Wiz Archmagi}
 10264 | D:12     | Noticed a skeletal warrior
 10282 | D:12     | Noticed a skeletal warrior
 10282 | D:12     | Noticed a skeletal warrior
 10283 | D:12     | 10283 ||| INVOKING Heroism.
 10284 | D:12     | Noticed a skeletal warrior
 10285 | D:12     | 10285 ||| Stepping ~*~*~tactically~*~*~ (stealth).
 10287 | D:12     | Noticed a red ugly thing
 10288 | D:12     | Noticed a skeletal warrior
 10293 | D:12     | Killed a skeletal warrior
 10298 | D:12     | Killed a red ugly thing
 10298 | D:12     | Noticed a skeletal warrior
 10299 | D:12     | Reached skill level 8 in Armour
 10299 | D:12     | Reached XP level 12. HP: 64/76 MP: 14/16
 10302 | D:12     | 10302 ||| INVOKING Heroism.
 10308 | D:12     | HP: 13/76 [skeletal warrior/+0 long sword (15)]
 10309 | D:12     | 10309 ||| READING scroll of teleportation.
 10312 | D:12     | Reached skill level 6 in Invocations
 10517 | D:12     | 10517 ||| INVOKING Heroism.
 10536 | D:12     | 10536 ||| READING scroll of enchant armour.
 10536 | D:12     | 10536 ||| ENCHANTING +1 pair of gloves.
 10549 | D:12     | Noticed a two-headed ogre
 10569 | D:12     | Noticed a two-headed ogre
 10579 | D:12     | Killed a two-headed ogre
 10580 | D:12     | 10580 ||| DRINKING 2 potions of curing.
 10580 | D:12     | 10580 ||| (to cure confusion)
 10640 | D:12     | 10640 ||| INVOKING Heroism.
 10739 | D:12     | 10739 ||| INVOKING Heroism.
 10773 | D:12     | Noticed an ogre mage
 10779 | D:12     | Killed an ogre mage
 10779 | D:12     | Reached ***** piety under Okawaru
 10780 | D:12     | 10780 ||| DROPPING ring of wizardry.
 10781 | D:12     | 10781 ||| READING scroll labelled ERHUKH MUPA.
 10782 | D:12     | 10782 ||| Stepping randomly (stuck).
 10783 | D:12     | 10783 ||| Stepping randomly (stuck).
 10784 | D:12     | 10784 ||| Stepping randomly (stuck).
 10785 | D:12     | 10785 ||| Stepping randomly (stuck).
 10786 | D:12     | 10786 ||| Stepping randomly (stuck).
 10787 | D:12     | 10787 ||| Stepping randomly (stuck).
 10788 | D:12     | 10788 ||| Stepping randomly (stuck).
 10789 | D:12     | 10789 ||| Stepping randomly (stuck).
 10790 | D:12     | 10790 ||| Stepping randomly (stuck).
 10791 | D:12     | 10791 ||| Stepping randomly (stuck).
 10792 | D:12     | 10792 ||| Stepping randomly (stuck).
 10793 | D:12     | 10793 ||| Stepping randomly (stuck).
 10794 | D:12     | 10794 ||| Stepping randomly (stuck).
 10795 | D:12     | 10795 ||| Stepping randomly (stuck).
 10796 | D:12     | 10796 ||| Stepping randomly (stuck).
 10797 | D:12     | 10797 ||| Stepping randomly (stuck).
 10798 | D:12     | 10798 ||| Stepping randomly (stuck).
 10799 | D:12     | 10799 ||| Stepping randomly (stuck).
 10800 | D:12     | 10800 ||| Stepping randomly (stuck).
 10801 | D:12     | 10801 ||| Stepping randomly (stuck).
 10802 | D:12     | 10802 ||| Stepping randomly (stuck).
 10803 | D:12     | 10803 ||| Stepping randomly (stuck).
 10804 | D:12     | 10804 ||| Stepping randomly (stuck).
 10805 | D:12     | 10805 ||| Stepping randomly (stuck).
 10806 | D:12     | 10806 ||| Stepping randomly (stuck).
 10807 | D:12     | 10807 ||| Stepping randomly (stuck).
 10808 | D:12     | 10808 ||| Stepping randomly (stuck).
 10809 | D:12     | 10809 ||| Stepping randomly (stuck).
 10810 | D:12     | 10810 ||| Stepping randomly (stuck).
 10811 | D:12     | 10811 ||| Stepping randomly (stuck).
 10812 | D:12     | 10812 ||| Stepping randomly (stuck).
 10813 | D:12     | 10813 ||| Stepping randomly (stuck).
 10814 | D:12     | 10814 ||| Stepping randomly (stuck).
 10815 | D:12     | 10815 ||| Stepping randomly (stuck).
 10816 | D:12     | 10816 ||| Stepping randomly (stuck).
 10817 | D:12     | 10817 ||| Stepping randomly (stuck).
 10818 | D:12     | 10818 ||| Stepping randomly (stuck).
 10819 | D:12     | 10819 ||| Stepping randomly (stuck).
 10820 | D:12     | 10820 ||| Stepping randomly (stuck).
 10821 | D:12     | 10821 ||| Stepping randomly (stuck).
 10822 | D:12     | 10822 ||| Stepping randomly (stuck).
 10823 | D:12     | 10823 ||| Stepping randomly (stuck).
 10824 | D:12     | 10824 ||| Stepping randomly (stuck).
 10825 | D:12     | 10825 ||| Stepping randomly (stuck).
 10826 | D:12     | 10826 ||| Stepping randomly (stuck).
 10827 | D:12     | 10827 ||| Stepping randomly (stuck).
 10828 | D:12     | 10828 ||| Stepping randomly (stuck).
 10829 | D:12     | 10829 ||| Stepping randomly (stuck).
 10830 | D:12     | 10830 ||| Stepping randomly (stuck).
 10831 | D:12     | 10831 ||| Stepping randomly (stuck).
 10832 | D:12     | 10832 ||| Stepping randomly (stuck).
 10833 | D:12     | 10833 ||| Stepping randomly (stuck).
 10834 | D:12     | 10834 ||| Stepping randomly (stuck).
 10835 | D:12     | 10835 ||| Stepping randomly (stuck).
 10836 | D:12     | 10836 ||| Stepping randomly (stuck).
 10837 | D:12     | 10837 ||| Stepping randomly (stuck).
 10838 | D:12     | 10838 ||| Stepping randomly (stuck).
 10839 | D:12     | 10839 ||| Stepping randomly (stuck).
 10840 | D:12     | 10840 ||| Stepping randomly (stuck).
 10841 | D:12     | 10841 ||| Stepping randomly (stuck).
 10842 | D:12     | 10842 ||| Stepping randomly (stuck).
 10843 | D:12     | 10843 ||| Stepping randomly (stuck).
 10844 | D:12     | 10844 ||| Stepping randomly (stuck).
 10845 | D:12     | 10845 ||| Stepping randomly (stuck).
 10846 | D:12     | 10846 ||| Stepping randomly (stuck).
 10847 | D:12     | 10847 ||| Stepping randomly (stuck).
 10848 | D:12     | 10848 ||| Stepping randomly (stuck).
 10849 | D:12     | 10849 ||| Stepping randomly (stuck).
 10850 | D:12     | 10850 ||| Stepping randomly (stuck).
 10851 | D:12     | 10851 ||| Stepping randomly (stuck).
 10852 | D:12     | 10852 ||| Stepping randomly (stuck).
 10853 | D:12     | 10853 ||| Stepping randomly (stuck).
 10854 | D:12     | 10854 ||| Stepping randomly (stuck).
 10855 | D:12     | 10855 ||| Stepping randomly (stuck).
 10856 | D:12     | 10856 ||| Stepping randomly (stuck).
 10857 | D:12     | 10857 ||| Stepping randomly (stuck).
 10858 | D:12     | 10858 ||| Stepping randomly (stuck).
 10859 | D:12     | 10859 ||| Stepping randomly (stuck).
 10860 | D:12     | 10860 ||| Stepping randomly (stuck).
 10861 | D:12     | 10861 ||| Stepping randomly (stuck).
 10862 | D:12     | 10862 ||| Stepping randomly (stuck).
 10863 | D:12     | 10863 ||| Stepping randomly (stuck).
 10864 | D:12     | 10864 ||| Stepping randomly (stuck).
 10865 | D:12     | 10865 ||| Stepping randomly (stuck).
 10866 | D:12     | 10866 ||| Stepping randomly (stuck).
 10867 | D:12     | 10867 ||| Stepping randomly (stuck).
 10868 | D:12     | 10868 ||| Stepping randomly (stuck).
 10869 | D:12     | 10869 ||| Stepping randomly (stuck).
 10870 | D:12     | 10870 ||| Stepping randomly (stuck).
 10871 | D:12     | 10871 ||| Stepping randomly (stuck).
 10872 | D:12     | 10872 ||| Stepping randomly (stuck).
 10873 | D:12     | 10873 ||| Stepping randomly (stuck).
 10874 | D:12     | 10874 ||| Stepping randomly (stuck).
 10875 | D:12     | 10875 ||| Stepping randomly (stuck).
 10876 | D:12     | 10876 ||| Stepping randomly (stuck).
 10877 | D:12     | 10877 ||| Stepping randomly (stuck).
 10878 | D:12     | 10878 ||| Stepping randomly (stuck).
 10879 | D:12     | 10879 ||| Stepping randomly (stuck).
 10880 | D:12     | 10880 ||| Stepping randomly (stuck).
 10881 | D:12     | 10881 ||| Stepping randomly (stuck).
 10882 | D:12     | 10882 ||| Stepping randomly (stuck).
 10883 | D:12     | 10883 ||| Stepping randomly (stuck).
 10884 | D:12     | 10884 ||| Stepping randomly (stuck).
 10885 | D:12     | 10885 ||| Stepping randomly (stuck).
 10886 | D:12     | 10886 ||| Stepping randomly (stuck).
 10887 | D:12     | 10887 ||| Stepping randomly (stuck).
 10888 | D:12     | 10888 ||| Stepping randomly (stuck).
 10889 | D:12     | 10889 ||| Stepping randomly (stuck).
 10890 | D:12     | 10890 ||| Stepping randomly (stuck).
 10891 | D:12     | 10891 ||| Stepping randomly (stuck).
 10892 | D:12     | 10892 ||| Stepping randomly (stuck).
 10893 | D:12     | 10893 ||| Stepping randomly (stuck).
 10894 | D:12     | 10894 ||| Stepping randomly (stuck).
 10895 | D:12     | 10895 ||| Stepping randomly (stuck).
 10896 | D:12     | 10896 ||| Stepping randomly (stuck).
 10897 | D:12     | 10897 ||| Stepping randomly (stuck).
 10898 | D:12     | 10898 ||| Stepping randomly (stuck).
 10899 | D:12     | 10899 ||| Stepping randomly (stuck).
 10900 | D:12     | 10900 ||| Stepping randomly (stuck).
 10901 | D:12     | 10901 ||| Stepping randomly (stuck).
 10902 | D:12     | 10902 ||| Stepping randomly (stuck).
 10903 | D:12     | 10903 ||| Stepping randomly (stuck).
 10904 | D:12     | 10904 ||| Stepping randomly (stuck).
 10905 | D:12     | 10905 ||| Stepping randomly (stuck).
 10906 | D:12     | 10906 ||| Stepping randomly (stuck).
 10907 | D:12     | 10907 ||| Stepping randomly (stuck).
 10908 | D:12     | 10908 ||| Stepping randomly (stuck).
 10909 | D:12     | 10909 ||| Stepping randomly (stuck).
 10910 | D:12     | 10910 ||| Stepping randomly (stuck).
 10911 | D:12     | 10911 ||| Stepping randomly (stuck).
 10912 | D:12     | 10912 ||| Stepping randomly (stuck).
 10913 | D:12     | 10913 ||| Stepping randomly (stuck).
 10914 | D:12     | 10914 ||| Stepping randomly (stuck).
 10915 | D:12     | 10915 ||| Stepping randomly (stuck).
 10916 | D:12     | 10916 ||| Stepping randomly (stuck).
 10917 | D:12     | 10917 ||| Stepping randomly (stuck).
 10918 | D:12     | 10918 ||| Stepping randomly (stuck).
 10919 | D:12     | 10919 ||| Stepping randomly (stuck).
 10920 | D:12     | 10920 ||| Stepping randomly (stuck).
 10921 | D:12     | 10921 ||| Stepping randomly (stuck).
 10922 | D:12     | 10922 ||| Stepping randomly (stuck).
 10923 | D:12     | 10923 ||| Stepping randomly (stuck).
 10924 | D:12     | 10924 ||| Stepping randomly (stuck).
 10925 | D:12     | 10925 ||| Stepping randomly (stuck).
 10926 | D:12     | 10926 ||| Stepping randomly (stuck).
 10927 | D:12     | 10927 ||| Stepping randomly (stuck).
 10928 | D:12     | 10928 ||| Stepping randomly (stuck).
 10929 | D:12     | 10929 ||| Stepping randomly (stuck).
 10930 | D:12     | 10930 ||| Stepping randomly (stuck).
 10931 | D:12     | 10931 ||| Stepping randomly (stuck).
 10932 | D:12     | 10932 ||| Stepping randomly (stuck).
 10933 | D:12     | 10933 ||| Stepping randomly (stuck).
 10934 | D:12     | 10934 ||| Stepping randomly (stuck).
 10935 | D:12     | 10935 ||| Stepping randomly (stuck).
 10936 | D:12     | 10936 ||| Stepping randomly (stuck).
 10937 | D:12     | 10937 ||| Stepping randomly (stuck).
 10938 | D:12     | 10938 ||| Stepping randomly (stuck).
 10939 | D:12     | 10939 ||| Stepping randomly (stuck).
 10940 | D:12     | 10940 ||| Stepping randomly (stuck).
 10941 | D:12     | 10941 ||| Stepping randomly (stuck).
 10942 | D:12     | 10942 ||| Stepping randomly (stuck).
 10943 | D:12     | 10943 ||| Stepping randomly (stuck).
 10944 | D:12     | 10944 ||| Stepping randomly (stuck).
 10945 | D:12     | 10945 ||| Stepping randomly (stuck).
 10946 | D:12     | 10946 ||| Stepping randomly (stuck).
 10947 | D:12     | 10947 ||| Stepping randomly (stuck).
 10948 | D:12     | 10948 ||| Stepping randomly (stuck).
 10949 | D:12     | 10949 ||| Stepping randomly (stuck).
 10950 | D:12     | 10950 ||| Stepping randomly (stuck).
 10951 | D:12     | 10951 ||| Stepping randomly (stuck).
 10952 | D:12     | 10952 ||| Stepping randomly (stuck).
 10953 | D:12     | 10953 ||| Stepping randomly (stuck).
 10954 | D:12     | 10954 ||| Stepping randomly (stuck).
 10955 | D:12     | 10955 ||| Stepping randomly (stuck).
 10956 | D:12     | 10956 ||| Stepping randomly (stuck).
 10957 | D:12     | 10957 ||| Stepping randomly (stuck).
 10958 | D:12     | 10958 ||| Stepping randomly (stuck).
 10959 | D:12     | 10959 ||| Stepping randomly (stuck).
 10960 | D:12     | 10960 ||| Stepping randomly (stuck).
 10961 | D:12     | 10961 ||| Stepping randomly (stuck).
 10962 | D:12     | 10962 ||| Stepping randomly (stuck).
 10963 | D:12     | 10963 ||| Stepping randomly (stuck).
 10964 | D:12     | 10964 ||| Stepping randomly (stuck).
 10965 | D:12     | 10965 ||| Stepping randomly (stuck).
 10966 | D:12     | 10966 ||| Stepping randomly (stuck).
 10967 | D:12     | 10967 ||| Stepping randomly (stuck).
 10968 | D:12     | 10968 ||| Stepping randomly (stuck).
 10969 | D:12     | 10969 ||| Stepping randomly (stuck).
 10970 | D:12     | 10970 ||| Stepping randomly (stuck).
 10971 | D:12     | 10971 ||| Stepping randomly (stuck).
 10972 | D:12     | 10972 ||| Stepping randomly (stuck).
 10973 | D:12     | 10973 ||| Stepping randomly (stuck).
 10974 | D:12     | 10974 ||| Stepping randomly (stuck).
 10975 | D:12     | 10975 ||| Stepping randomly (stuck).
 10976 | D:12     | 10976 ||| Stepping randomly (stuck).
 10977 | D:12     | 10977 ||| Stepping randomly (stuck).
 10978 | D:12     | 10978 ||| Stepping randomly (stuck).
 10979 | D:12     | 10979 ||| Stepping randomly (stuck).
 10980 | D:12     | 10980 ||| Stepping randomly (stuck).
 10981 | D:12     | 10981 ||| Stepping randomly (stuck).
 10982 | D:12     | 10982 ||| Stepping randomly (stuck).
 10983 | D:12     | 10983 ||| Stepping randomly (stuck).
 10984 | D:12     | 10984 ||| Stepping randomly (stuck).
 10985 | D:12     | 10985 ||| Stepping randomly (stuck).
 10986 | D:12     | 10986 ||| Stepping randomly (stuck).
 10987 | D:12     | 10987 ||| Stepping randomly (stuck).
 10988 | D:12     | 10988 ||| Stepping randomly (stuck).
 10989 | D:12     | 10989 ||| Stepping randomly (stuck).
 10990 | D:12     | 10990 ||| Stepping randomly (stuck).
 10991 | D:12     | 10991 ||| Stepping randomly (stuck).
 10992 | D:12     | 10992 ||| Stepping randomly (stuck).
 10993 | D:12     | 10993 ||| Stepping randomly (stuck).
 10994 | D:12     | 10994 ||| Stepping randomly (stuck).
 10995 | D:12     | 10995 ||| Stepping randomly (stuck).
 10996 | D:12     | 10996 ||| Stepping randomly (stuck).
 10997 | D:12     | 10997 ||| Stepping randomly (stuck).
 10998 | D:12     | 10998 ||| Stepping randomly (stuck).
 10999 | D:12     | 10999 ||| Stepping randomly (stuck).
 11000 | D:12     | 11000 ||| Stepping randomly (stuck).
 11001 | D:12     | 11001 ||| Stepping randomly (stuck).
 11002 | D:12     | 11002 ||| Stepping randomly (stuck).
 11003 | D:12     | 11003 ||| Stepping randomly (stuck).
 11004 | D:12     | 11004 ||| Stepping randomly (stuck).
 11005 | D:12     | 11005 ||| Stepping randomly (stuck).
 11006 | D:12     | 11006 ||| Stepping randomly (stuck).
 11007 | D:12     | 11007 ||| Stepping randomly (stuck).
 11008 | D:12     | 11008 ||| Stepping randomly (stuck).
 11009 | D:12     | 11009 ||| Stepping randomly (stuck).
 11010 | D:12     | 11010 ||| Stepping randomly (stuck).
 11011 | D:12     | 11011 ||| Stepping randomly (stuck).
 11012 | D:12     | 11012 ||| Stepping randomly (stuck).
 11013 | D:12     | 11013 ||| Stepping randomly (stuck).
 11014 | D:12     | 11014 ||| Stepping randomly (stuck).
 11015 | D:12     | 11015 ||| Stepping randomly (stuck).
 11016 | D:12     | 11016 ||| Stepping randomly (stuck).
 11017 | D:12     | 11017 ||| Stepping randomly (stuck).
 11018 | D:12     | 11018 ||| Stepping randomly (stuck).
 11019 | D:12     | 11019 ||| Stepping randomly (stuck).
 11020 | D:12     | 11020 ||| Stepping randomly (stuck).
 11021 | D:12     | 11021 ||| Stepping randomly (stuck).
 11022 | D:12     | 11022 ||| Stepping randomly (stuck).
 11023 | D:12     | 11023 ||| Stepping randomly (stuck).
 11024 | D:12     | 11024 ||| Stepping randomly (stuck).
 11025 | D:12     | 11025 ||| Stepping randomly (stuck).
 11026 | D:12     | 11026 ||| Stepping randomly (stuck).
 11027 | D:12     | 11027 ||| Stepping randomly (stuck).
 11028 | D:12     | 11028 ||| Stepping randomly (stuck).
 11029 | D:12     | 11029 ||| Stepping randomly (stuck).
 11030 | D:12     | 11030 ||| Stepping randomly (stuck).
 11031 | D:12     | 11031 ||| Stepping randomly (stuck).
 11032 | D:12     | 11032 ||| Stepping randomly (stuck).
 11033 | D:12     | 11033 ||| Stepping randomly (stuck).
 11034 | D:12     | 11034 ||| Stepping randomly (stuck).
 11035 | D:12     | 11035 ||| Stepping randomly (stuck).
 11036 | D:12     | 11036 ||| Stepping randomly (stuck).
 11037 | D:12     | 11037 ||| Stepping randomly (stuck).
 11038 | D:12     | 11038 ||| Stepping randomly (stuck).
 11039 | D:12     | 11039 ||| Stepping randomly (stuck).
 11040 | D:12     | 11040 ||| Stepping randomly (stuck).
 11041 | D:12     | 11041 ||| Stepping randomly (stuck).
 11042 | D:12     | 11042 ||| Stepping randomly (stuck).
 11043 | D:12     | 11043 ||| Stepping randomly (stuck).
 11044 | D:12     | 11044 ||| Stepping randomly (stuck).
 11045 | D:12     | 11045 ||| Stepping randomly (stuck).
 11046 | D:12     | 11046 ||| Stepping randomly (stuck).
 11047 | D:12     | 11047 ||| Stepping randomly (stuck).
 11048 | D:12     | 11048 ||| Stepping randomly (stuck).
 11049 | D:12     | 11049 ||| Stepping randomly (stuck).
 11050 | D:12     | 11050 ||| Stepping randomly (stuck).
 11051 | D:12     | 11051 ||| Stepping randomly (stuck).
 11052 | D:12     | 11052 ||| Stepping randomly (stuck).
 11053 | D:12     | 11053 ||| Stepping randomly (stuck).
 11054 | D:12     | 11054 ||| Stepping randomly (stuck).
 11055 | D:12     | 11055 ||| Stepping randomly (stuck).
 11056 | D:12     | 11056 ||| Stepping randomly (stuck).
 11057 | D:12     | 11057 ||| Stepping randomly (stuck).
 11058 | D:12     | 11058 ||| Stepping randomly (stuck).
 11059 | D:12     | 11059 ||| Stepping randomly (stuck).
 11060 | D:12     | 11060 ||| Stepping randomly (stuck).
 11061 | D:12     | 11061 ||| Stepping randomly (stuck).
 11062 | D:12     | 11062 ||| Stepping randomly (stuck).
 11063 | D:12     | 11063 ||| Stepping randomly (stuck).
 11064 | D:12     | 11064 ||| Stepping randomly (stuck).
 11065 | D:12     | 11065 ||| Stepping randomly (stuck).
 11066 | D:12     | 11066 ||| Stepping randomly (stuck).
 11067 | D:12     | 11067 ||| Stepping randomly (stuck).
 11068 | D:12     | 11068 ||| Stepping randomly (stuck).
 11069 | D:12     | 11069 ||| Stepping randomly (stuck).
 11070 | D:12     | 11070 ||| Stepping randomly (stuck).
 11071 | D:12     | 11071 ||| Stepping randomly (stuck).
 11072 | D:12     | 11072 ||| Stepping randomly (stuck).
 11073 | D:12     | 11073 ||| Stepping randomly (stuck).
 11074 | D:12     | 11074 ||| Stepping randomly (stuck).
 11075 | D:12     | 11075 ||| Stepping randomly (stuck).
 11076 | D:12     | 11076 ||| Stepping randomly (stuck).
 11077 | D:12     | 11077 ||| Stepping randomly (stuck).
 11078 | D:12     | 11078 ||| Stepping randomly (stuck).
 11079 | D:12     | 11079 ||| Stepping randomly (stuck).
 11080 | D:12     | 11080 ||| Stepping randomly (stuck).
 11081 | D:12     | 11081 ||| Stepping randomly (stuck).
 11082 | D:12     | 11082 ||| Stepping randomly (stuck).
 11083 | D:12     | 11083 ||| Stepping randomly (stuck).
 11084 | D:12     | 11084 ||| Stepping randomly (stuck).
 11085 | D:12     | 11085 ||| Stepping randomly (stuck).
 11086 | D:12     | 11086 ||| Stepping randomly (stuck).
 11087 | D:12     | 11087 ||| Stepping randomly (stuck).
 11088 | D:12     | 11088 ||| Stepping randomly (stuck).
 11089 | D:12     | 11089 ||| Stepping randomly (stuck).
 11090 | D:12     | 11090 ||| Stepping randomly (stuck).
 11091 | D:12     | 11091 ||| Stepping randomly (stuck).
 11092 | D:12     | 11092 ||| Stepping randomly (stuck).
 11093 | D:12     | 11093 ||| Stepping randomly (stuck).
 11094 | D:12     | 11094 ||| Stepping randomly (stuck).
 11095 | D:12     | 11095 ||| Stepping randomly (stuck).
 11096 | D:12     | 11096 ||| Stepping randomly (stuck).
 11097 | D:12     | 11097 ||| Stepping randomly (stuck).
 11098 | D:12     | 11098 ||| Stepping randomly (stuck).
 11099 | D:12     | 11099 ||| Stepping randomly (stuck).
 11100 | D:12     | 11100 ||| Stepping randomly (stuck).
 11101 | D:12     | 11101 ||| Stepping randomly (stuck).
 11102 | D:12     | 11102 ||| Stepping randomly (stuck).
 11103 | D:12     | 11103 ||| Stepping randomly (stuck).
 11104 | D:12     | 11104 ||| Stepping randomly (stuck).
 11105 | D:12     | 11105 ||| Stepping randomly (stuck).
 11106 | D:12     | 11106 ||| Stepping randomly (stuck).
 11107 | D:12     | 11107 ||| Stepping randomly (stuck).
 11108 | D:12     | 11108 ||| Stepping randomly (stuck).
 11109 | D:12     | 11109 ||| Stepping randomly (stuck).
 11110 | D:12     | 11110 ||| Stepping randomly (stuck).
 11111 | D:12     | 11111 ||| Stepping randomly (stuck).
 11112 | D:12     | 11112 ||| Stepping randomly (stuck).
 11113 | D:12     | 11113 ||| Stepping randomly (stuck).
 11114 | D:12     | 11114 ||| Stepping randomly (stuck).
 11115 | D:12     | 11115 ||| Stepping randomly (stuck).
 11116 | D:12     | 11116 ||| Stepping randomly (stuck).
 11117 | D:12     | 11117 ||| Stepping randomly (stuck).
 11118 | D:12     | 11118 ||| Stepping randomly (stuck).
 11119 | D:12     | 11119 ||| Stepping randomly (stuck).
 11120 | D:12     | 11120 ||| Stepping randomly (stuck).
 11121 | D:12     | 11121 ||| Stepping randomly (stuck).
 11122 | D:12     | 11122 ||| Stepping randomly (stuck).
 11123 | D:12     | 11123 ||| Stepping randomly (stuck).
 11124 | D:12     | 11124 ||| Stepping randomly (stuck).
 11125 | D:12     | 11125 ||| Stepping randomly (stuck).
 11126 | D:12     | 11126 ||| Stepping randomly (stuck).
 11127 | D:12     | 11127 ||| Stepping randomly (stuck).
 11128 | D:12     | 11128 ||| Stepping randomly (stuck).
 11129 | D:12     | 11129 ||| Stepping randomly (stuck).
 11130 | D:12     | 11130 ||| Stepping randomly (stuck).
 11131 | D:12     | 11131 ||| Stepping randomly (stuck).
 11132 | D:12     | 11132 ||| Stepping randomly (stuck).
 11133 | D:12     | 11133 ||| Stepping randomly (stuck).
 11134 | D:12     | 11134 ||| Stepping randomly (stuck).
 11135 | D:12     | 11135 ||| Stepping randomly (stuck).
 11136 | D:12     | 11136 ||| Stepping randomly (stuck).
 11137 | D:12     | 11137 ||| Stepping randomly (stuck).
 11138 | D:12     | 11138 ||| Stepping randomly (stuck).
 11139 | D:12     | 11139 ||| Stepping randomly (stuck).
 11140 | D:12     | 11140 ||| Stepping randomly (stuck).
 11141 | D:12     | 11141 ||| Stepping randomly (stuck).
 11142 | D:12     | 11142 ||| Stepping randomly (stuck).
 11143 | D:12     | 11143 ||| Stepping randomly (stuck).
 11144 | D:12     | 11144 ||| Stepping randomly (stuck).
 11145 | D:12     | 11145 ||| Stepping randomly (stuck).
 11146 | D:12     | 11146 ||| Stepping randomly (stuck).
 11147 | D:12     | 11147 ||| Stepping randomly (stuck).
 11148 | D:12     | 11148 ||| Stepping randomly (stuck).
 11149 | D:12     | 11149 ||| Stepping randomly (stuck).
 11150 | D:12     | 11150 ||| Stepping randomly (stuck).
 11151 | D:12     | 11151 ||| Stepping randomly (stuck).
 11152 | D:12     | 11152 ||| Stepping randomly (stuck).
 11153 | D:12     | 11153 ||| Stepping randomly (stuck).
 11154 | D:12     | 11154 ||| Stepping randomly (stuck).
 11155 | D:12     | 11155 ||| Stepping randomly (stuck).
 11156 | D:12     | 11156 ||| Stepping randomly (stuck).
 11157 | D:12     | 11157 ||| Stepping randomly (stuck).
 11158 | D:12     | 11158 ||| Stepping randomly (stuck).
 11159 | D:12     | 11159 ||| Stepping randomly (stuck).
 11160 | D:12     | 11160 ||| Stepping randomly (stuck).
 11161 | D:12     | 11161 ||| Stepping randomly (stuck).
 11162 | D:12     | 11162 ||| Stepping randomly (stuck).
 11163 | D:12     | 11163 ||| Stepping randomly (stuck).
 11164 | D:12     | 11164 ||| Stepping randomly (stuck).
 11165 | D:12     | 11165 ||| Stepping randomly (stuck).
 11166 | D:12     | 11166 ||| Stepping randomly (stuck).
 11167 | D:12     | 11167 ||| Stepping randomly (stuck).
 11168 | D:12     | 11168 ||| Stepping randomly (stuck).
 11169 | D:12     | 11169 ||| Stepping randomly (stuck).
 11170 | D:12     | 11170 ||| Stepping randomly (stuck).
 11171 | D:12     | 11171 ||| Stepping randomly (stuck).
 11172 | D:12     | 11172 ||| Stepping randomly (stuck).
 11173 | D:12     | 11173 ||| Stepping randomly (stuck).
 11174 | D:12     | 11174 ||| Stepping randomly (stuck).
 11175 | D:12     | 11175 ||| Stepping randomly (stuck).
 11176 | D:12     | 11176 ||| Stepping randomly (stuck).
 11177 | D:12     | 11177 ||| Stepping randomly (stuck).
 11178 | D:12     | 11178 ||| Stepping randomly (stuck).
 11179 | D:12     | 11179 ||| Stepping randomly (stuck).
 11180 | D:12     | 11180 ||| Stepping randomly (stuck).
 11181 | D:12     | 11181 ||| Stepping randomly (stuck).
 11182 | D:12     | 11182 ||| Stepping randomly (stuck).
 11183 | D:12     | 11183 ||| Stepping randomly (stuck).
 11184 | D:12     | 11184 ||| Stepping randomly (stuck).
 11185 | D:12     | 11185 ||| Stepping randomly (stuck).
 11186 | D:12     | 11186 ||| Stepping randomly (stuck).
 11187 | D:12     | 11187 ||| Stepping randomly (stuck).
 11188 | D:12     | 11188 ||| Stepping randomly (stuck).
 11189 | D:12     | 11189 ||| Stepping randomly (stuck).
 11190 | D:12     | 11190 ||| Stepping randomly (stuck).
 11191 | D:12     | 11191 ||| Stepping randomly (stuck).
 11192 | D:12     | 11192 ||| Stepping randomly (stuck).
 11193 | D:12     | 11193 ||| Stepping randomly (stuck).
 11194 | D:12     | 11194 ||| Stepping randomly (stuck).
 11195 | D:12     | 11195 ||| Stepping randomly (stuck).
 11196 | D:12     | 11196 ||| Stepping randomly (stuck).
 11197 | D:12     | 11197 ||| Stepping randomly (stuck).
 11198 | D:12     | 11198 ||| Stepping randomly (stuck).
 11199 | D:12     | 11199 ||| Stepping randomly (stuck).
 11200 | D:12     | 11200 ||| Stepping randomly (stuck).
 11201 | D:12     | 11201 ||| Stepping randomly (stuck).
 11202 | D:12     | 11202 ||| Stepping randomly (stuck).
 11203 | D:12     | 11203 ||| Stepping randomly (stuck).
 11204 | D:12     | 11204 ||| Stepping randomly (stuck).
 11205 | D:12     | 11205 ||| Stepping randomly (stuck).
 11206 | D:12     | 11206 ||| Stepping randomly (stuck).
 11207 | D:12     | 11207 ||| Stepping randomly (stuck).
 11208 | D:12     | 11208 ||| Stepping randomly (stuck).
 11209 | D:12     | 11209 ||| Stepping randomly (stuck).
 11210 | D:12     | 11210 ||| Stepping randomly (stuck).
 11211 | D:12     | 11211 ||| Stepping randomly (stuck).
 11212 | D:12     | 11212 ||| Stepping randomly (stuck).
 11213 | D:12     | 11213 ||| Stepping randomly (stuck).
 11214 | D:12     | 11214 ||| Stepping randomly (stuck).
 11215 | D:12     | 11215 ||| Stepping randomly (stuck).
 11216 | D:12     | 11216 ||| Stepping randomly (stuck).
 11217 | D:12     | 11217 ||| Stepping randomly (stuck).
 11218 | D:12     | 11218 ||| Stepping randomly (stuck).
 11219 | D:12     | 11219 ||| Stepping randomly (stuck).
 11220 | D:12     | 11220 ||| Stepping randomly (stuck).
 11221 | D:12     | 11221 ||| Stepping randomly (stuck).
 11222 | D:12     | 11222 ||| Stepping randomly (stuck).
 11223 | D:12     | 11223 ||| Stepping randomly (stuck).
 11224 | D:12     | 11224 ||| Stepping randomly (stuck).
 11225 | D:12     | 11225 ||| Stepping randomly (stuck).
 11226 | D:12     | 11226 ||| Stepping randomly (stuck).
 11227 | D:12     | 11227 ||| Stepping randomly (stuck).
 11228 | D:12     | 11228 ||| Stepping randomly (stuck).
 11229 | D:12     | 11229 ||| Stepping randomly (stuck).
 11230 | D:12     | 11230 ||| Stepping randomly (stuck).
 11231 | D:12     | 11231 ||| Stepping randomly (stuck).
 11232 | D:12     | 11232 ||| Stepping randomly (stuck).
 11233 | D:12     | 11233 ||| Stepping randomly (stuck).
 11234 | D:12     | 11234 ||| Stepping randomly (stuck).
 11235 | D:12     | 11235 ||| Stepping randomly (stuck).
 11236 | D:12     | 11236 ||| Stepping randomly (stuck).
 11237 | D:12     | 11237 ||| Stepping randomly (stuck).
 11238 | D:12     | 11238 ||| Stepping randomly (stuck).
 11239 | D:12     | 11239 ||| Stepping randomly (stuck).
 11240 | D:12     | 11240 ||| Stepping randomly (stuck).
 11241 | D:12     | 11241 ||| Stepping randomly (stuck).
 11242 | D:12     | 11242 ||| Stepping randomly (stuck).
 11243 | D:12     | 11243 ||| Stepping randomly (stuck).
 11244 | D:12     | 11244 ||| Stepping randomly (stuck).
 11245 | D:12     | 11245 ||| Stepping randomly (stuck).
 11246 | D:12     | 11246 ||| Stepping randomly (stuck).
 11247 | D:12     | 11247 ||| Stepping randomly (stuck).
 11248 | D:12     | 11248 ||| Stepping randomly (stuck).
 11249 | D:12     | 11249 ||| Stepping randomly (stuck).
 11250 | D:12     | 11250 ||| Stepping randomly (stuck).
 11251 | D:12     | 11251 ||| Stepping randomly (stuck).
 11252 | D:12     | 11252 ||| Stepping randomly (stuck).
 11253 | D:12     | 11253 ||| Stepping randomly (stuck).
 11254 | D:12     | 11254 ||| Stepping randomly (stuck).
 11255 | D:12     | 11255 ||| Stepping randomly (stuck).
 11256 | D:12     | 11256 ||| Stepping randomly (stuck).
 11257 | D:12     | 11257 ||| Stepping randomly (stuck).
 11258 | D:12     | 11258 ||| Stepping randomly (stuck).
 11259 | D:12     | 11259 ||| Stepping randomly (stuck).
 11260 | D:12     | 11260 ||| Stepping randomly (stuck).
 11261 | D:12     | 11261 ||| Stepping randomly (stuck).
 11262 | D:12     | 11262 ||| Stepping randomly (stuck).
 11263 | D:12     | 11263 ||| Stepping randomly (stuck).
 11264 | D:12     | 11264 ||| Stepping randomly (stuck).
 11265 | D:12     | 11265 ||| Stepping randomly (stuck).
 11266 | D:12     | 11266 ||| Stepping randomly (stuck).
 11267 | D:12     | 11267 ||| Stepping randomly (stuck).
 11268 | D:12     | 11268 ||| Stepping randomly (stuck).
 11269 | D:12     | 11269 ||| Stepping randomly (stuck).
 11270 | D:12     | 11270 ||| Stepping randomly (stuck).
 11271 | D:12     | 11271 ||| Stepping randomly (stuck).
 11272 | D:12     | 11272 ||| Stepping randomly (stuck).
 11273 | D:12     | 11273 ||| Stepping randomly (stuck).
 11274 | D:12     | 11274 ||| Stepping randomly (stuck).
 11275 | D:12     | 11275 ||| Stepping randomly (stuck).
 11276 | D:12     | 11276 ||| Stepping randomly (stuck).
 11277 | D:12     | 11277 ||| Stepping randomly (stuck).
 11278 | D:12     | 11278 ||| Stepping randomly (stuck).
 11279 | D:12     | 11279 ||| Stepping randomly (stuck).
 11280 | D:12     | 11280 ||| Stepping randomly (stuck).
 11281 | D:12     | 11281 ||| Stepping randomly (stuck).
 11282 | D:12     | 11282 ||| Stepping randomly (stuck).
 11283 | D:12     | 11283 ||| Stepping randomly (stuck).
 11284 | D:12     | 11284 ||| Stepping randomly (stuck).
 11285 | D:12     | 11285 ||| Stepping randomly (stuck).
 11286 | D:12     | 11286 ||| Stepping randomly (stuck).
 11287 | D:12     | 11287 ||| Stepping randomly (stuck).
 11288 | D:12     | 11288 ||| Stepping randomly (stuck).
 11289 | D:12     | 11289 ||| Stepping randomly (stuck).
 11290 | D:12     | 11290 ||| Stepping randomly (stuck).
 11291 | D:12     | 11291 ||| Stepping randomly (stuck).
 11292 | D:12     | 11292 ||| Stepping randomly (stuck).
 11293 | D:12     | 11293 ||| Stepping randomly (stuck).
 11294 | D:12     | 11294 ||| Stepping randomly (stuck).
 11295 | D:12     | 11295 ||| Stepping randomly (stuck).
 11296 | D:12     | 11296 ||| Stepping randomly (stuck).
 11297 | D:12     | 11297 ||| Stepping randomly (stuck).
 11298 | D:12     | 11298 ||| Stepping randomly (stuck).
 11299 | D:12     | 11299 ||| Stepping randomly (stuck).
 11300 | D:12     | 11300 ||| Stepping randomly (stuck).
 11301 | D:12     | 11301 ||| Stepping randomly (stuck).
 11302 | D:12     | 11302 ||| Stepping randomly (stuck).
 11303 | D:12     | 11303 ||| Stepping randomly (stuck).
 11304 | D:12     | 11304 ||| Stepping randomly (stuck).
 11305 | D:12     | 11305 ||| Stepping randomly (stuck).
 11306 | D:12     | 11306 ||| Stepping randomly (stuck).
 11307 | D:12     | 11307 ||| Stepping randomly (stuck).
 11308 | D:12     | 11308 ||| Stepping randomly (stuck).
 11309 | D:12     | 11309 ||| Stepping randomly (stuck).
 11310 | D:12     | 11310 ||| Stepping randomly (stuck).
 11311 | D:12     | 11311 ||| Stepping randomly (stuck).
 11312 | D:12     | 11312 ||| Stepping randomly (stuck).
 11313 | D:12     | 11313 ||| Stepping randomly (stuck).
 11314 | D:12     | 11314 ||| Stepping randomly (stuck).
 11315 | D:12     | 11315 ||| Stepping randomly (stuck).
 11316 | D:12     | 11316 ||| Stepping randomly (stuck).
 11317 | D:12     | 11317 ||| Stepping randomly (stuck).
 11318 | D:12     | 11318 ||| Stepping randomly (stuck).
 11319 | D:12     | 11319 ||| Stepping randomly (stuck).
 11320 | D:12     | 11320 ||| Stepping randomly (stuck).
 11321 | D:12     | 11321 ||| Stepping randomly (stuck).
 11322 | D:12     | 11322 ||| Stepping randomly (stuck).
 11323 | D:12     | 11323 ||| Stepping randomly (stuck).
 11324 | D:12     | 11324 ||| Stepping randomly (stuck).
 11325 | D:12     | 11325 ||| Stepping randomly (stuck).
 11326 | D:12     | 11326 ||| Stepping randomly (stuck).
 11327 | D:12     | 11327 ||| Stepping randomly (stuck).
 11328 | D:12     | 11328 ||| Stepping randomly (stuck).
 11329 | D:12     | 11329 ||| Stepping randomly (stuck).
 11330 | D:12     | 11330 ||| Stepping randomly (stuck).
 11331 | D:12     | 11331 ||| Stepping randomly (stuck).
 11332 | D:12     | 11332 ||| Stepping randomly (stuck).
 11333 | D:12     | 11333 ||| Stepping randomly (stuck).
 11334 | D:12     | 11334 ||| Stepping randomly (stuck).
 11335 | D:12     | 11335 ||| Stepping randomly (stuck).
 11336 | D:12     | 11336 ||| Stepping randomly (stuck).
 11337 | D:12     | 11337 ||| Stepping randomly (stuck).
 11338 | D:12     | 11338 ||| Stepping randomly (stuck).
 11339 | D:12     | 11339 ||| Stepping randomly (stuck).
 11340 | D:12     | 11340 ||| Stepping randomly (stuck).
 11341 | D:12     | 11341 ||| Stepping randomly (stuck).
 11342 | D:12     | 11342 ||| Stepping randomly (stuck).
 11343 | D:12     | 11343 ||| Stepping randomly (stuck).
 11344 | D:12     | 11344 ||| Stepping randomly (stuck).
 11345 | D:12     | 11345 ||| Stepping randomly (stuck).
 11346 | D:12     | 11346 ||| Stepping randomly (stuck).
 11347 | D:12     | 11347 ||| Stepping randomly (stuck).
 11348 | D:12     | 11348 ||| Stepping randomly (stuck).
 11349 | D:12     | 11349 ||| Stepping randomly (stuck).
 11350 | D:12     | 11350 ||| Stepping randomly (stuck).
 11351 | D:12     | 11351 ||| Stepping randomly (stuck).
 11352 | D:12     | 11352 ||| Stepping randomly (stuck).
 11353 | D:12     | 11353 ||| Stepping randomly (stuck).
 11354 | D:12     | 11354 ||| Stepping randomly (stuck).
 11355 | D:12     | 11355 ||| Stepping randomly (stuck).
 11356 | D:12     | 11356 ||| Stepping randomly (stuck).
 11357 | D:12     | 11357 ||| Stepping randomly (stuck).
 11358 | D:12     | 11358 ||| Stepping randomly (stuck).
 11359 | D:12     | 11359 ||| Stepping randomly (stuck).
 11360 | D:12     | 11360 ||| Stepping randomly (stuck).
 11361 | D:12     | 11361 ||| Stepping randomly (stuck).
 11362 | D:12     | 11362 ||| Stepping randomly (stuck).
 11363 | D:12     | 11363 ||| Stepping randomly (stuck).
 11364 | D:12     | 11364 ||| Stepping randomly (stuck).
 11365 | D:12     | 11365 ||| Stepping randomly (stuck).
 11366 | D:12     | 11366 ||| Stepping randomly (stuck).
 11367 | D:12     | 11367 ||| Stepping randomly (stuck).
 11368 | D:12     | 11368 ||| Stepping randomly (stuck).
 11369 | D:12     | 11369 ||| Stepping randomly (stuck).
 11370 | D:12     | 11370 ||| Stepping randomly (stuck).
 11371 | D:12     | 11371 ||| Stepping randomly (stuck).
 11372 | D:12     | 11372 ||| Stepping randomly (stuck).
 11373 | D:12     | 11373 ||| Stepping randomly (stuck).
 11374 | D:12     | 11374 ||| Stepping randomly (stuck).
 11375 | D:12     | 11375 ||| Stepping randomly (stuck).
 11376 | D:12     | 11376 ||| Stepping randomly (stuck).
 11377 | D:12     | 11377 ||| Stepping randomly (stuck).
 11378 | D:12     | 11378 ||| Stepping randomly (stuck).
 11379 | D:12     | 11379 ||| Stepping randomly (stuck).
 11380 | D:12     | 11380 ||| Stepping randomly (stuck).
 11381 | D:12     | 11381 ||| Stepping randomly (stuck).
 11382 | D:12     | 11382 ||| Stepping randomly (stuck).
 11383 | D:12     | 11383 ||| Stepping randomly (stuck).
 11384 | D:12     | 11384 ||| Stepping randomly (stuck).
 11385 | D:12     | 11385 ||| Stepping randomly (stuck).
 11386 | D:12     | 11386 ||| Stepping randomly (stuck).
 11387 | D:12     | 11387 ||| Stepping randomly (stuck).
 11388 | D:12     | 11388 ||| Stepping randomly (stuck).
 11389 | D:12     | 11389 ||| Stepping randomly (stuck).
 11390 | D:12     | 11390 ||| Stepping randomly (stuck).
 11391 | D:12     | 11391 ||| Stepping randomly (stuck).
 11392 | D:12     | 11392 ||| Stepping randomly (stuck).
 11393 | D:12     | 11393 ||| Stepping randomly (stuck).
 11394 | D:12     | 11394 ||| Stepping randomly (stuck).
 11395 | D:12     | 11395 ||| Stepping randomly (stuck).
 11396 | D:12     | 11396 ||| Stepping randomly (stuck).
 11397 | D:12     | 11397 ||| Stepping randomly (stuck).
 11398 | D:12     | 11398 ||| Stepping randomly (stuck).
 11399 | D:12     | 11399 ||| Stepping randomly (stuck).
 11400 | D:12     | 11400 ||| Stepping randomly (stuck).
 11401 | D:12     | 11401 ||| Stepping randomly (stuck).
 11402 | D:12     | 11402 ||| Stepping randomly (stuck).
 11403 | D:12     | 11403 ||| Stepping randomly (stuck).
 11404 | D:12     | 11404 ||| Stepping randomly (stuck).
 11405 | D:12     | 11405 ||| Stepping randomly (stuck).
 11406 | D:12     | 11406 ||| Stepping randomly (stuck).
 11407 | D:12     | 11407 ||| Stepping randomly (stuck).
 11408 | D:12     | 11408 ||| Stepping randomly (stuck).
 11409 | D:12     | 11409 ||| Stepping randomly (stuck).
 11410 | D:12     | 11410 ||| Stepping randomly (stuck).
 11411 | D:12     | 11411 ||| Stepping randomly (stuck).
 11412 | D:12     | 11412 ||| Stepping randomly (stuck).
 11413 | D:12     | 11413 ||| Stepping randomly (stuck).
 11414 | D:12     | 11414 ||| Stepping randomly (stuck).
 11415 | D:12     | 11415 ||| Stepping randomly (stuck).
 11416 | D:12     | 11416 ||| Stepping randomly (stuck).
 11417 | D:12     | 11417 ||| Stepping randomly (stuck).
 11418 | D:12     | 11418 ||| Stepping randomly (stuck).
 11419 | D:12     | 11419 ||| Stepping randomly (stuck).
 11420 | D:12     | 11420 ||| Stepping randomly (stuck).
 11421 | D:12     | 11421 ||| Stepping randomly (stuck).
 11422 | D:12     | 11422 ||| Stepping randomly (stuck).
 11423 | D:12     | 11423 ||| Stepping randomly (stuck).
 11424 | D:12     | 11424 ||| Stepping randomly (stuck).
 11425 | D:12     | 11425 ||| Stepping randomly (stuck).
 11426 | D:12     | 11426 ||| Stepping randomly (stuck).
 11427 | D:12     | 11427 ||| Stepping randomly (stuck).
 11428 | D:12     | 11428 ||| Stepping randomly (stuck).
 11429 | D:12     | 11429 ||| Stepping randomly (stuck).
 11430 | D:12     | 11430 ||| Stepping randomly (stuck).
 11431 | D:12     | 11431 ||| Stepping randomly (stuck).
 11432 | D:12     | 11432 ||| Stepping randomly (stuck).
 11433 | D:12     | 11433 ||| Stepping randomly (stuck).
 11434 | D:12     | 11434 ||| Stepping randomly (stuck).
 11435 | D:12     | 11435 ||| Stepping randomly (stuck).
 11436 | D:12     | 11436 ||| Stepping randomly (stuck).
 11437 | D:12     | 11437 ||| Stepping randomly (stuck).
 11438 | D:12     | 11438 ||| Stepping randomly (stuck).
 11439 | D:12     | 11439 ||| Stepping randomly (stuck).
 11440 | D:12     | 11440 ||| Stepping randomly (stuck).
 11441 | D:12     | 11441 ||| Stepping randomly (stuck).
 11442 | D:12     | 11442 ||| Stepping randomly (stuck).
 11443 | D:12     | 11443 ||| Stepping randomly (stuck).
 11444 | D:12     | 11444 ||| Stepping randomly (stuck).
 11445 | D:12     | 11445 ||| Stepping randomly (stuck).
 11446 | D:12     | 11446 ||| Stepping randomly (stuck).
 11447 | D:12     | 11447 ||| Stepping randomly (stuck).
 11448 | D:12     | 11448 ||| Stepping randomly (stuck).
 11449 | D:12     | 11449 ||| Stepping randomly (stuck).
 11450 | D:12     | 11450 ||| Stepping randomly (stuck).
 11451 | D:12     | 11451 ||| Stepping randomly (stuck).
 11452 | D:12     | 11452 ||| Stepping randomly (stuck).
 11453 | D:12     | 11453 ||| Stepping randomly (stuck).
 11454 | D:12     | 11454 ||| Stepping randomly (stuck).
 11455 | D:12     | 11455 ||| Stepping randomly (stuck).
 11456 | D:12     | 11456 ||| Stepping randomly (stuck).
 11457 | D:12     | 11457 ||| Stepping randomly (stuck).
 11458 | D:12     | 11458 ||| Stepping randomly (stuck).
 11459 | D:12     | 11459 ||| Stepping randomly (stuck).
 11460 | D:12     | 11460 ||| Stepping randomly (stuck).
 11461 | D:12     | 11461 ||| Stepping randomly (stuck).
 11462 | D:12     | 11462 ||| Stepping randomly (stuck).
 11463 | D:12     | 11463 ||| Stepping randomly (stuck).
 11464 | D:12     | 11464 ||| PLANNING LAIR
 11464 | D:12     | 11464 ||| Stepping randomly (stuck).
 11465 | D:12     | 11465 ||| Stepping randomly (stuck).
 11466 | D:12     | 11466 ||| Stepping randomly (stuck).
 11467 | D:12     | 11467 ||| Stepping randomly (stuck).
 11468 | D:12     | 11468 ||| Stepping randomly (stuck).
 11469 | D:12     | 11469 ||| Stepping randomly (stuck).
 11470 | D:12     | 11470 ||| Stepping randomly (stuck).
 11471 | D:12     | 11471 ||| Stepping randomly (stuck).
 11472 | D:12     | 11472 ||| Stepping randomly (stuck).
 11473 | D:12     | 11473 ||| Stepping randomly (stuck).
 11474 | D:12     | 11474 ||| Stepping randomly (stuck).
 11475 | D:12     | 11475 ||| PLANNING LAIR
 11475 | D:12     | 11475 ||| PLANNING LAIR
 11488 | D:13     | Noticed a vault guard
 11488 | D:13     | Noticed a vault guard
 11488 | D:13     | Noticed a vault guard
 11488 | D:13     | Noticed a vault guard
 11488 | D:13     | Noticed a vault guard
 11488 | D:13     | Found a gate to the Vaults.
 11489 | D:13     | 11489 ||| PLANNING GAUNTLET
 11489 | D:13     | 11489 ||| Stepping ~*~*~tactically~*~*~ (hiding).
 11500 | D:13     | 11500 ||| INVOKING Heroism.
 11502 | D:13     | Killed a vault guard
 11503 | D:13     | Reached skill level 12 in Axes
 11505 | D:13     | Killed a vault guard
 11506 | D:13     | Noticed a vault guard
 11508 | D:13     | Noticed a vault guard
 11508 | D:13     | Noticed a vault guard
 11511 | D:13     | Killed a vault guard
 11513 | D:13     | Killed a vault guard
 11521 | D:13     | Killed a vault guard
 11522 | D:13     | Reached skill level 9 in Invocations
 11525 | D:13     | Killed a vault guard
 11525 | D:13     | Identified the +1 pair of gloves of Eqimacod {rCorr}
                  | (Okawaru gifted it to you on level 13 of the Dungeon)
 11525 | D:13     | Received a gift from Okawaru
 11529 | D:13     | Killed a vault guard
 11530 | D:13     | HP: 14/76 [vault guard/+0 war axe (6)]
 11531 | D:13     | 11531 ||| DRINKING potion of heal wounds.
 11532 | D:13     | 11532 ||| INVOKING Heroism.
 11539 | D:13     | Killed a vault guard
 11540 | D:13     | Reached skill level 9 in Armour
 11540 | D:13     | Reached XP level 13. HP: 38/80 MP: 17/20
 11726 | D:13     | 11726 ||| Stepping ~*~*~tactically~*~*~ (hiding).
 11733 | D:13     | 11733 ||| Stepping ~*~*~tactically~*~*~ (hiding).
 11774 | D:13     | 11774 ||| Stepping ~*~*~tactically~*~*~ (stealth).
 11788 | D:13     | 11788 ||| Stepping ~*~*~tactically~*~*~ (stealth).
 11789 | D:13     | 11789 ||| INVOKING Heroism.
 11790 | D:13     | 11790 ||| INVOKING Finesse.
 11862 | D:13     | 11862 ||| INVOKING Heroism.
 11938 | D:13     | Found a gate leading to a gauntlet.
 11947 | Gauntlet | Entered a Gauntlet
 11947 | Gauntlet | Found a transporter.
 11947 | Gauntlet | Found a transporter.
 11947 | Gauntlet | Found a transporter.
 11957 | Gauntlet | Found a transporter.
 11960 | Gauntlet | Found a transporter.
 11969 | Gauntlet | Found a transporter.
 11971 | Gauntlet | Found a transporter.
 11976 | Gauntlet | Noticed a balrug
 11979 | Gauntlet | Found a transporter.
 11998 | Gauntlet | Found a transporter.
 12015 | Gauntlet | Found a transporter.
 12018 | Gauntlet | Found a transporter.
 12028 | Gauntlet | Found a transporter.
 12190 | Gauntlet | 12190 ||| READING 4 scrolls of identify.
 12190 | Gauntlet | 12190 ||| IDENTIFYING viscous green potion
 12196 | Gauntlet | 12196 ||| INVOKING Heroism.
 12247 | Gauntlet | Killed a balrug
 12314 | Gauntlet | Identified the ring of Wueful {+Blink rF+}
 12320 | Gauntlet | 12320 ||| READING 3 scrolls of identify.
 12320 | Gauntlet | 12320 ||| IDENTIFYING pink potion
 12400 | Gauntlet | Identified the +3 falchion of Reapportionment {elec, rPois
                  | rF+ rC+ Dex-4}
 12400 | Gauntlet | Noticed a minotaur
 12401 | Gauntlet | 12401 ||| INVOKING Heroism.
 12407 | Gauntlet | Killed a minotaur
 12490 | Gauntlet | Identified the +2 dagger of Hekhloci {heavy, MP+9 Stlth+}
 12490 | Gauntlet | Identified the scarf "Getoy" {repulsion, Harm Drain Int+7
                  | Stlth-}
 12540 | D:13     | 12540 ||| PLANNING LAIR
 12548 | D:12     | 12548 ||| PLANNING LAIR
 12548 | D:12     | 12548 ||| PLANNING LAIR
 12569 | Lair:1   | Entered Level 1 of the Lair of Beasts
 12611 | Lair:1   | 12611 ||| PLANNING LAIR
 13277 | Lair:1   | 13277 ||| READING scroll labelled CASTRE JO VYXEC.
 13351 | Lair:2   | 13351 ||| INVOKING Heroism.
 13453 | Lair:2   | Found a frozen archway.
 13497 | Lair:2   | 13497 ||| Stepping ~*~*~tactically~*~*~ (hiding).
 13514 | Lair:2   | 13514 ||| INVOKING Heroism.
 13549 | Lair:2   | 13549 ||| INVOKING Heroism.
 14068 | Lair:2   | 14068 ||| UPGRADING to +0 tower shield.
 14078 | Lair:2   | 14078 ||| DROPPING +0 kite shield.
 14079 | Lair:2   | 14079 ||| DROPPING amulet of the acrobat.
 14080 | Lair:2   | 14080 ||| READING 3 scrolls of identify.
 14080 | Lair:2   | 14080 ||| IDENTIFYING puce potion
 14081 | Lair:2   | 14081 ||| DROPPING potion of degeneration.
 14109 | Lair:3   | 14109 ||| INVOKING Heroism.
 14191 | Lair:3   | Found a staircase to the Snake Pit.
 14199 | Lair:3   | 14199 ||| Stepping ~*~*~tactically~*~*~ (water).
 14248 | Lair:3   | Identified the ring "Damnaf" {Fire *Corrode Fly Stlth+}
 14263 | Lair:3   | Reached skill level 12 in Shields
 14292 | Lair:3   | Found a staircase to the Swamp.
 14409 | Lair:3   | Noticed Snorg
 14410 | Lair:3   | 14410 ||| INVOKING Heroism.
 14422 | Lair:3   | Killed Snorg
 14574 | Lair:3   | 14574 ||| Stepping ~*~*~tactically~*~*~ (stealth).
 14647 | Lair:3   | 14647 ||| READING scroll of enchant armour.
 14647 | Lair:3   | 14647 ||| ENCHANTING +0 helmet.
 14656 | Lair:3   | Noticed Sonja
 14657 | Lair:3   | 14657 ||| INVOKING Finesse.
 14669 | Lair:3   | Killed Sonja
 14669 | Lair:3   | Received a gift from Okawaru
 14709 | Lair:3   | 14709 ||| INVOKING Heroism.
 14795 | Lair:3   | 14795 ||| Stepping ~*~*~tactically~*~*~ (hiding).
 14798 | Lair:3   | 14798 ||| INVOKING Heroism.
 14802 | Lair:3   | Gained mutation: Your large and strong wings let you fly.
                  | [Gargoyle growth]
 14802 | Lair:3   | Reached XP level 14. HP: 88/88 MP: 18/21
 15103 | Lair:3   | 15103 ||| DROPPING ring "Damnaf" {Fire *Corrode Fly
                  | Stlth+}.
 15141 | Lair:4   | 15141 ||| Stepping ~*~*~tactically~*~*~ (stealth).
 15145 | Lair:4   | 15145 ||| Stepping ~*~*~tactically~*~*~ (stealth).
 15147 | Lair:4   | 15147 ||| Stepping ~*~*~tactically~*~*~ (stealth).
 15148 | Lair:4   | 15148 ||| Stepping ~*~*~tactically~*~*~ (stealth).
 15151 | Lair:4   | 15151 ||| Stepping ~*~*~tactically~*~*~ (stealth).
 15154 | Lair:4   | 15154 ||| Stepping ~*~*~tactically~*~*~ (stealth).
 15155 | Lair:4   | 15155 ||| INVOKING Heroism.
 15156 | Lair:4   | 15156 ||| INVOKING Finesse.
 15251 | Lair:4   | Noticed Kirke
 15252 | Lair:4   | 15252 ||| INVOKING Heroism.
 15255 | Lair:4   | Noticed a sphinx
 15260 | Lair:4   | 15260 ||| INVOKING Finesse.
 15266 | Lair:4   | Killed Kirke
 15266 | Lair:4   | Received a gift from Okawaru
 15474 | Lair:4   | 15474 ||| INVOKING Heroism.
 15519 | Lair:4   | 15519 ||| Stepping ~*~*~tactically~*~*~ (stealth).
 15521 | Lair:4   | 15521 ||| Stepping ~*~*~tactically~*~*~ (stealth).
 15522 | Lair:4   | 15522 ||| INVOKING Finesse.
 15526 | Lair:4   | 15526 ||| INVOKING Heroism.
 15533 | Lair:4   | 15533 ||| Stepping ~*~*~tactically~*~*~ (stealth).
 15561 | Lair:4   | Reached skill level 15 in Shields
 15575 | Lair:4   | 15575 ||| Stepping ~*~*~tactically~*~*~ (stealth).
 15576 | Lair:4   | 15576 ||| Stepping ~*~*~tactically~*~*~ (stealth).
 16016 | Lair:5   | Entered Level 5 of the Lair of Beasts
 16298 | Lair:5   | 16298 ||| Stepping ~*~*~tactically~*~*~ (stealth).
 16472 | Lair:5   | 16472 ||| Stepping ~*~*~tactically~*~*~ (stealth).
 16523 | Lair:5   | 16523 ||| Stepping ~*~*~tactically~*~*~ (hiding).
 16639 | Lair:5   | 16639 ||| INVOKING Heroism.
 16640 | Lair:5   | 16640 ||| INVOKING Finesse.
 16910 | Lair:5   | 16910 ||| INVOKING Heroism.
 16911 | Lair:5   | 16911 ||| INVOKING Finesse.
 16927 | Lair:5   | Noticed a dire elephant
 16943 | Lair:5   | Killed a dire elephant
 16985 | Lair:5   | 16985 ||| DROPPING +2 broad axe of electrocution.
 16995 | Lair:5   | Identified the ring of Diloafoe {Fly rPois rF+ Int+2 Dex+2}
 17019 | Lair:5   | 17019 ||| INVOKING Heroism.
 17157 | Lair:5   | 17157 ||| INVOKING Heroism.
 17158 | Lair:5   | 17158 ||| INVOKING Finesse.
 17160 | Lair:5   | Found a staircase to the Slime Pits.
 17174 | Lair:5   | Reached XP level 15. HP: 69/94 MP: 16/22
 17175 | Lair:5   | 17175 ||| DRINKING 3 potions of cancellation.
 17406 | Lair:5   | 17406 ||| PLANNING D:1-11
 17406 | Lair:5   | 17406 ||| DROPPING ring of Wueful {+Blink rF+}.
 17407 | Lair:5   | 17407 ||| UPGRADING to ring of Diloafoe {Fly rPois rF+
                  | Int+2 Dex+2}.
 17409 | Lair:5   | 17409 ||| READING scroll labelled PONIPE ZYXEA.
 17410 | Lair:5   | 17410 ||| READING scroll labelled GYVVEO DUBAU.
 17773 | D:11     | 17773 ||| PLANNING D
 17800 | D:12     | 17800 ||| STAIRDANCE
 17803 | D:11     | Reached skill level 3 in Dodging
 17950 | D:12     | 17950 ||| INVOKING Heroism.
 18168 | D:12     | 18168 ||| Stepping ~*~*~tactically~*~*~ (stealth).
 18209 | D:12     | 18209 ||| Stepping ~*~*~tactically~*~*~ (stealth).
 18210 | D:12     | 18210 ||| Stepping ~*~*~tactically~*~*~ (stealth).
 18212 | D:12     | 18212 ||| Stepping ~*~*~tactically~*~*~ (hiding).
 18214 | D:12     | 18214 ||| INVOKING Heroism.
 18220 | D:12     | Reached skill level 10 in Armour
 18249 | D:12     | Found a transporter.
 18250 | D:12     | Noticed Netaeli's ghost (journeyman SpVM)
 18293 | D:12     | 18293 ||| FLEEEEING.
 18294 | D:12     | 18294 ||| FLEEEEING.
 18295 | D:12     | 18295 ||| FLEEEEING.
 18296 | D:12     | 18296 ||| FLEEEEING.
 18297 | D:12     | 18297 ||| FLEEEEING.
 18298 | D:12     | 18298 ||| FLEEEEING.
 18299 | D:12     | 18299 ||| FLEEEEING.
 18301 | D:12     | 18301 ||| FLEEEEING.
 18302 | D:12     | 18302 ||| STAIRDANCE
 18406 | D:12     | 18406 ||| INVOKING Heroism.
 18417 | D:12     | 18417 ||| Stepping ~*~*~tactically~*~*~ (hiding).
 18695 | D:13     | 18695 ||| Stepping ~*~*~tactically~*~*~ (stealth).
 18802 | D:13     | 18802 ||| Stepping ~*~*~tactically~*~*~ (stealth).
 18804 | D:13     | 18804 ||| Stepping ~*~*~tactically~*~*~ (hiding).
 18805 | D:13     | 18805 ||| Stepping ~*~*~tactically~*~*~ (hiding).
 18958 | D:13     | 18958 ||| Stepping ~*~*~tactically~*~*~ (stealth).
 18961 | D:13     | 18961 ||| Stepping ~*~*~tactically~*~*~ (hiding).
 18964 | D:13     | 18964 ||| Stepping ~*~*~tactically~*~*~ (hiding).
 19095 | D:14     | 19095 ||| INVOKING Heroism.
 19347 | D:14     | Found the +8 demon blade "Leech" {evervamp, Harm Drain rN+}
 19379 | D:14     | 19379 ||| Stepping ~*~*~tactically~*~*~ (hiding).
 19380 | D:14     | 19380 ||| Stepping ~*~*~tactically~*~*~ (hiding).
 19390 | D:14     | Noticed Azrael
 19391 | D:14     | 19391 ||| INVOKING Heroism.
 19392 | D:14     | 19392 ||| INVOKING Finesse.
 19396 | D:14     | Killed Azrael
 19400 | D:14     | 19400 ||| Stepping ~*~*~tactically~*~*~ (hiding).
 19619 | D:14     | Found Doxeasaps's Changing Room.
 19659 | D:14     | 19659 ||| BUYING potion of lignification (57 gold).
 19659 | D:14     | Bought a potion of lignification for 57 gold pieces
 19659 | D:14     | 19659 ||| BUYING potion of lignification (57 gold).
 19659 | D:14     | Bought a potion of lignification for 57 gold pieces
 19659 | D:14     | 19659 ||| BUYING potion of lignification (57 gold).
 19659 | D:14     | Bought a potion of lignification for 57 gold pieces
 19659 | D:14     | 19659 ||| BUYING potion of mutation (152 gold).
 19659 | D:14     | Bought a potion of mutation for 152 gold pieces
 19697 | D:14     | 19697 ||| Stepping ~*~*~tactically~*~*~ (stealth).
 19704 | D:14     | 19704 ||| Stepping ~*~*~tactically~*~*~ (hiding).
 19715 | D:14     | Reached skill level 6 in Throwing
 19752 | D:14     | Found a runed translucent door.
 19769 | D:14     | Noticed a storm dragon
 19770 | D:14     | Noticed a tengu reaver
 19785 | D:14     | Found a runed translucent door.
 19903 | D:14     | Noticed a sphinx
 19903 | D:14     | Noticed a tengu reaver
 19904 | D:14     | 19904 ||| UPGRADING to +1 cloak.
 19909 | D:14     | 19909 ||| UPGRADING to +0 pair of boots.
 19914 | D:14     | 19914 ||| DROPPING ring of fire.
 19948 | D:15     | Entered Level 15 of the Dungeon
 20140 | D:15     | Noticed Jorgrun
 20140 | D:15     | 20140 ||| Stepping ~*~*~tactically~*~*~ (hiding).
 20142 | D:15     | 20142 ||| INVOKING Heroism.
 20149 | D:15     | Killed Jorgrun
 20166 | D:15     | 20166 ||| Stepping ~*~*~tactically~*~*~ (stealth).
 20167 | D:15     | 20167 ||| Stepping ~*~*~tactically~*~*~ (stealth).
 20170 | D:15     | 20170 ||| Stepping ~*~*~tactically~*~*~ (stealth).
 20177 | D:15     | 20177 ||| Stepping ~*~*~tactically~*~*~ (stealth).
 20193 | D:15     | 20193 ||| Stepping ~*~*~tactically~*~*~ (hiding).
 20236 | D:15     | 20236 ||| Stepping ~*~*~tactically~*~*~ (stealth).
 20242 | D:15     | 20242 ||| Stepping ~*~*~tactically~*~*~ (stealth).
 20243 | D:15     | 20243 ||| Stepping ~*~*~tactically~*~*~ (stealth).
 20379 | D:15     | Noticed Josephine
 20384 | D:15     | 20384 ||| INVOKING Heroism.
 20389 | D:15     | 20389 ||| INVOKING Finesse.
 20394 | D:15     | Killed Josephine
 20394 | D:15     | Received a gift from Okawaru
 20396 | D:15     | Noticed Louise
 20402 | D:15     | Reached skill level 11 in Armour
 20442 | D:15     | Killed Louise
 20527 | D:15     | 20527 ||| Stepping ~*~*~tactically~*~*~ (hiding).
 20531 | D:15     | 20531 ||| INVOKING Heroism.
 20596 | D:15     | Found a staircase to the Depths.
 20664 | D:15     | 20664 ||| Stepping ~*~*~tactically~*~*~ (stealth).
 20715 | D:15     | 20715 ||| Stepping ~*~*~tactically~*~*~ (hiding).
 20716 | D:15     | 20716 ||| Stepping ~*~*~tactically~*~*~ (hiding).
 20953 | D:15     | 20953 ||| Stepping ~*~*~tactically~*~*~ (stealth).
 21012 | D:15     | Found a bloodstained altar of Trog.
 21093 | D:15     | 21093 ||| INVOKING Heroism.
 21126 | D:15     | 21126 ||| Stepping ~*~*~tactically~*~*~ (stealth).
 21127 | D:15     | 21127 ||| Stepping ~*~*~tactically~*~*~ (stealth).
 21129 | D:15     | 21129 ||| FLEEEEING.
 21130 | D:15     | 21130 ||| FLEEEEING.
 21131 | D:15     | 21131 ||| FLEEEEING.
 21132 | D:15     | 21132 ||| FLEEEEING.
 21133 | D:15     | 21133 ||| FLEEEEING.
 21134 | D:15     | 21134 ||| FLEEEEING.
 21283 | D:15     | 21283 ||| PLANNING ORC
 21283 | D:15     | 21283 ||| UPGRADING to +3 plate armour.
 21293 | D:15     | 21293 ||| DROPPING +0 plate armour.
 21439 | Orc:1    | Entered Level 1 of the Orcish Mines
 21450 | Orc:1    | Noticed burt's ghost (journeyman DrCj)
 21462 | Orc:1    | 21462 ||| Stepping ~*~*~tactically~*~*~ (hiding).
 21464 | Orc:1    | 21464 ||| Stepping ~*~*~tactically~*~*~ (hiding).
 21466 | Orc:1    | 21466 ||| Stepping ~*~*~tactically~*~*~ (hiding).
 21467 | Orc:1    | 21467 ||| Stepping ~*~*~tactically~*~*~ (hiding).
 21468 | Orc:1    | 21468 ||| Stepping ~*~*~tactically~*~*~ (hiding).
 21483 | Orc:1    | Found a transporter.
 21496 | Orc:1    | 21496 ||| Stepping ~*~*~tactically~*~*~ (stealth).
 21536 | Orc:1    | 21536 ||| FLEEEEING.
 21537 | Orc:1    | 21537 ||| FLEEEEING.
 21538 | Orc:1    | 21538 ||| FLEEEEING.
 21539 | Orc:1    | 21539 ||| FLEEEEING.
 21540 | Orc:1    | 21540 ||| FLEEEEING.
 21541 | Orc:1    | 21541 ||| FLEEEEING.
 21542 | Orc:1    | 21542 ||| FLEEEEING.
 21543 | Orc:1    | 21543 ||| FLEEEEING.
 21544 | Orc:1    | 21544 ||| FLEEEEING.
 21545 | Orc:1    | 21545 ||| FLEEEEING.
 21546 | Orc:1    | 21546 ||| FLEEEEING.
 21547 | Orc:1    | 21547 ||| FLEEEEING.
 21548 | Orc:1    | 21548 ||| FLEEEEING.
 21549 | Orc:1    | 21549 ||| FLEEEEING.
 21550 | Orc:1    | 21550 ||| FLEEEEING.
 21551 | Orc:1    | 21551 ||| FLEEEEING.
 21552 | Orc:1    | 21552 ||| FLEEEEING.
 21553 | Orc:1    | 21553 ||| FLEEEEING.
 21554 | Orc:1    | 21554 ||| FLEEEEING.
 21563 | Orc:1    | 21563 ||| Stepping ~*~*~tactically~*~*~ (hiding).
 21566 | Orc:1    | 21566 ||| INVOKING Heroism.
 21582 | Orc:1    | Reached skill level 15 in Axes
 21848 | Orc:1    | Found a transporter.
 21906 | Orc:1    | Found a transporter.
 21907 | Orc:1    | 21907 ||| Stepping ~*~*~tactically~*~*~ (hiding).
 21908 | Orc:1    | 21908 ||| Stepping ~*~*~tactically~*~*~ (hiding).
 21917 | Orc:1    | 21917 ||| Stepping ~*~*~tactically~*~*~ (stealth).
 21919 | Orc:1    | 21919 ||| INVOKING Heroism.
 21921 | Orc:1    | 21921 ||| Stepping ~*~*~tactically~*~*~ (hiding).
 21941 | Orc:1    | Identified the +2 crystal plate armour "Hiemnam" {+Blink
                  | Will++ rCorr Str-2}
 21946 | Orc:1    | Noticed an orc warlord
 22031 | Orc:1    | Found a transporter.
 22155 | Orc:2    | Entered Level 2 of the Orcish Mines
 22156 | Orc:2    | Noticed Nessos
 22158 | Orc:2    | 22158 ||| Stepping ~*~*~tactically~*~*~ (hiding).
 22159 | Orc:2    | 22159 ||| Stepping ~*~*~tactically~*~*~ (hiding).
 22160 | Orc:2    | 22160 ||| Stepping ~*~*~tactically~*~*~ (hiding).
 22161 | Orc:2    | 22161 ||| Stepping ~*~*~tactically~*~*~ (hiding).
 22170 | Orc:2    | Killed Nessos
 22173 | Orc:2    | 22173 ||| Stepping ~*~*~tactically~*~*~ (stealth).
 22187 | Orc:2    | 22187 ||| Stepping ~*~*~tactically~*~*~ (stealth).
 22406 | Orc:2    | Noticed Donald
 22407 | Orc:2    | 22407 ||| INVOKING Heroism.
 22420 | Orc:2    | Killed Donald
 22424 | Orc:2    | 22424 ||| Stepping ~*~*~tactically~*~*~ (stealth).
 22426 | Orc:2    | 22426 ||| Stepping ~*~*~tactically~*~*~ (stealth).
 22432 | Orc:2    | 22432 ||| Stepping ~*~*~tactically~*~*~ (hiding).
 22433 | Orc:2    | 22433 ||| Stepping ~*~*~tactically~*~*~ (hiding).
 22437 | Orc:2    | 22437 ||| Stepping ~*~*~tactically~*~*~ (hiding).
 22441 | Orc:2    | 22441 ||| Stepping ~*~*~tactically~*~*~ (hiding).
 22442 | Orc:2    | 22442 ||| Stepping ~*~*~tactically~*~*~ (hiding).
 22450 | Orc:2    | Reached XP level 16. HP: 101/101 MP: 23/23
 22477 | Orc:2    | 22477 ||| Stepping ~*~*~tactically~*~*~ (stealth).
 22487 | Orc:2    | 22487 ||| Stepping ~*~*~tactically~*~*~ (hiding).
 22490 | Orc:2    | 22490 ||| Stepping ~*~*~tactically~*~*~ (hiding).
 22491 | Orc:2    | 22491 ||| Stepping ~*~*~tactically~*~*~ (hiding).
 22493 | Orc:2    | 22493 ||| Stepping ~*~*~tactically~*~*~ (hiding).
 22521 | Orc:2    | Reached skill level 12 in Fighting
 22521 | Orc:2    | 22521 ||| Stepping ~*~*~tactically~*~*~ (hiding).
 22522 | Orc:2    | 22522 ||| Stepping ~*~*~tactically~*~*~ (hiding).
 22523 | Orc:2    | 22523 ||| Stepping ~*~*~tactically~*~*~ (hiding).
 22524 | Orc:2    | 22524 ||| INVOKING Heroism.
 22540 | Orc:2    | 22540 ||| Stepping ~*~*~tactically~*~*~ (stealth).
 22542 | Orc:2    | 22542 ||| Stepping ~*~*~tactically~*~*~ (stealth).
 22544 | Orc:2    | 22544 ||| Stepping ~*~*~tactically~*~*~ (stealth).
 22548 | Orc:2    | 22548 ||| Stepping ~*~*~tactically~*~*~ (stealth).
 22566 | Orc:2    | 22566 ||| Stepping ~*~*~tactically~*~*~ (stealth).
 22588 | Orc:2    | 22588 ||| INVOKING Heroism.
 22631 | Orc:2    | Received a gift from Okawaru
 22660 | Orc:2    | 22660 ||| INVOKING Heroism.
 22666 | Orc:2    | 22666 ||| Stepping ~*~*~tactically~*~*~ (stealth).
 22670 | Orc:2    | Received a gift from Okawaru
 22676 | Orc:2    | Found Imaavof's Book Shoppe.
 22683 | Orc:2    | Found Xapuof's Weapon Shoppe.
 22693 | Orc:2    | Found a staircase to the Elven Halls.
 22694 | Orc:2    | Found Fihyguf's Magic Scroll Boutique.
 22748 | Orc:2    | Found Vurchipoi's Distillery.
 22752 | Orc:2    | 22752 ||| BUYING scroll of brand weapon (171 gold).
 22752 | Orc:2    | Bought a scroll of brand weapon for 171 gold pieces
 22752 | Orc:2    | 22752 ||| BUYING scroll of identify (36 gold).
 22752 | Orc:2    | Bought a scroll of identify for 36 gold pieces
 22752 | Orc:2    | 22752 ||| BUYING scroll of identify (36 gold).
 22752 | Orc:2    | Bought a scroll of identify for 36 gold pieces
 22752 | Orc:2    | 22752 ||| BUYING scroll of identify (36 gold).
 22752 | Orc:2    | Bought a scroll of identify for 36 gold pieces
 22752 | Orc:2    | 22752 ||| BUYING scroll of teleportation (54 gold).
 22752 | Orc:2    | Bought a scroll of teleportation for 54 gold pieces
 22757 | Orc:2    | 22757 ||| BUYING 2 potions of curing (78 gold).
 22757 | Orc:2    | Bought 2 potions of curing for 78 gold pieces
 22757 | Orc:2    | 22757 ||| BUYING potion of attraction (39 gold).
 22757 | Orc:2    | Bought a potion of attraction for 39 gold pieces
 22757 | Orc:2    | 22757 ||| BUYING potion of haste (130 gold).
 22757 | Orc:2    | Bought a potion of haste for 130 gold pieces
 22757 | Orc:2    | 22757 ||| BUYING potion of haste (130 gold).
 22757 | Orc:2    | Bought a potion of haste for 130 gold pieces
 22757 | Orc:2    | 22757 ||| BUYING potion of might (52 gold).
 22757 | Orc:2    | Bought a potion of might for 52 gold pieces
 22810 | Orc:2    | 22810 ||| Stepping ~*~*~tactically~*~*~ (stealth).
 22820 | Orc:2    | 22820 ||| Stepping ~*~*~tactically~*~*~ (stealth).
 22917 | Orc:2    | 22917 ||| PLANNING SNAKE:1-3
 22917 | Orc:2    | 22917 ||| UPGRADING to +0 crystal plate armour.
 22927 | Orc:2    | 22927 ||| DROPPING +3 plate armour.
 22928 | Orc:2    | 22928 ||| DROPPING +1 chain mail of fire resistance.
 22929 | Orc:2    | 22929 ||| DROPPING +0 fire dragon scales.
 23051 | Snake:1  | Entered Level 1 of the Snake Pit
 23063 | Snake:1  | 23063 ||| STAIRDANCE
 23218 | Snake:1  | Identified the +4 spear "Faisef Puito" {drain, Fragile rN++
                  | MP+9 SInv} (Okawaru gifted it to you on level 1 of the
                  | Snake Pit)
 23218 | Snake:1  | Received a gift from Okawaru
 23277 | Snake:1  | Reached skill level 12 in Armour
 23337 | Snake:1  | 23337 ||| Stepping ~*~*~tactically~*~*~ (hiding).
 23987 | Snake:1  | Reached skill level 13 in Armour
 24130 | Snake:1  | Identified the +2 scale mail of the Ecumenical Temple {Fly
                  | rC+ Int+3}
 24136 | Snake:1  | Noticed a nagaraja
 24136 | Snake:1  | 24136 ||| INVOKING Heroism.
 24136 | Snake:1  | Noticed a nagaraja
 24150 | Snake:1  | Killed a nagaraja
 24159 | Snake:1  | Killed a nagaraja
 24403 | Snake:1  | 24403 ||| UPGRADING to +1 tower shield of protection.
 24413 | Snake:1  | 24413 ||| DROPPING +0 tower shield.
 24414 | Snake:1  | 24414 ||| DROPPING amulet of faith.
 24415 | Snake:1  | 24415 ||| UPGRADING to ring of see invisible.
 24526 | Snake:2  | Found Asoulixy's Distillery.
 24528 | Snake:2  | 24528 ||| Stepping ~*~*~tactically~*~*~ (hiding).
 24530 | Snake:2  | 24530 ||| Stepping ~*~*~tactically~*~*~ (hiding).
 24543 | Snake:2  | Reached skill level 14 in Armour
 24551 | Snake:2  | 24551 ||| BUYING potion of curing (36 gold).
 24551 | Snake:2  | Bought a potion of curing for 36 gold pieces
 24551 | Snake:2  | 24551 ||| BUYING potion of lignification (36 gold).
 24551 | Snake:2  | Bought a potion of lignification for 36 gold pieces
 24551 | Snake:2  | 24551 ||| BUYING potion of lignification (36 gold).
 24551 | Snake:2  | Bought a potion of lignification for 36 gold pieces
 24551 | Snake:2  | 24551 ||| BUYING potion of mutation (96 gold).
 24551 | Snake:2  | Bought a potion of mutation for 96 gold pieces
 24601 | Snake:2  | 24601 ||| Stepping ~*~*~tactically~*~*~ (hiding).
 24628 | Snake:2  | 24628 ||| Stepping ~*~*~tactically~*~*~ (stealth).
 24659 | Snake:2  | Found Reroar's Armour Shoppe.
 24779 | Snake:2  | 24779 ||| Stepping ~*~*~tactically~*~*~ (hiding).
 24781 | Snake:2  | 24781 ||| Stepping ~*~*~tactically~*~*~ (hiding).
 24790 | Snake:2  | Received a gift from Okawaru
 24832 | Snake:2  | 24832 ||| INVOKING Heroism.
 24851 | Snake:2  | Reached XP level 17. HP: 83/106 MP: 24/24
 24931 | Snake:2  | Noticed Aizul
 24932 | Snake:2  | 24932 ||| Stepping ~*~*~tactically~*~*~ (stealth).
 24933 | Snake:2  | 24933 ||| INVOKING Heroism.
 24934 | Snake:2  | 24934 ||| INVOKING Finesse.
 24949 | Snake:2  | Killed Aizul
 24994 | Snake:2  | 24994 ||| INVOKING Heroism.
 24998 | Snake:2  | 24998 ||| Stepping ~*~*~tactically~*~*~ (hiding).
 25023 | Snake:2  | Reached skill level 15 in Armour
 25332 | Snake:2  | 25332 ||| UPGRADING to +1 pair of boots of flying.
 25342 | Snake:2  | 25342 ||| DROPPING +0 pair of boots.
 25392 | Snake:3  | Received a gift from Okawaru
 25394 | Snake:3  | 25394 ||| INVOKING Heroism.
 25553 | Snake:3  | 25553 ||| Stepping ~*~*~tactically~*~*~ (hiding).
 25586 | Snake:3  | Identified the +6 trident of Starshine {flame, rN+ Str+3}
 25729 | Snake:3  | Noticed Asterion
 25730 | Snake:3  | 25730 ||| INVOKING Heroism.
 25731 | Snake:3  | 25731 ||| INVOKING Finesse.
 25738 | Snake:3  | Killed Asterion
 25773 | Snake:3  | 25773 ||| SWAPPING to +2 spectral broad axe.
 25774 | Snake:3  | 25774 ||| DROPPING +11 broad axe of Hepliaklqana's Hope
                  | {freeze, Int+3 Dex+2}.
 25775 | Snake:3  | 25775 ||| READING 2 scrolls of enchant weapon.
 25775 | Snake:3  | 25775 ||| ENCHANTING +2 spectral broad axe.
 25776 | Snake:3  | 25776 ||| READING scroll of enchant weapon.
 25776 | Snake:3  | 25776 ||| ENCHANTING +3 spectral broad axe.
 25796 | Snake:3  | 25796 ||| Stepping ~*~*~tactically~*~*~ (hiding).
 25820 | Snake:3  | 25820 ||| Stepping ~*~*~tactically~*~*~ (hiding).
 25821 | Snake:3  | 25821 ||| Stepping ~*~*~tactically~*~*~ (hiding).
 25827 | Snake:3  | 25827 ||| INVOKING Heroism.
 25839 | Snake:3  | Received a gift from Okawaru
 25965 | Snake:3  | 25965 ||| Stepping ~*~*~tactically~*~*~ (hiding).
 25966 | Snake:3  | 25966 ||| Stepping ~*~*~tactically~*~*~ (hiding).
 25970 | Snake:3  | 25970 ||| Stepping ~*~*~tactically~*~*~ (hiding).
 26179 | Snake:3  | 26179 ||| Stepping ~*~*~tactically~*~*~ (stealth).
 26285 | Snake:3  | 26285 ||| PLANNING SWAMP:1-3
 26285 | Snake:3  | 26285 ||| READING 11 scrolls of identify.
 26285 | Snake:3  | 26285 ||| IDENTIFYING murky orange potion
 26286 | Snake:3  | 26286 ||| READING 10 scrolls of identify.
 26286 | Snake:3  | 26286 ||| IDENTIFYING viscous orange potion
 26287 | Snake:3  | 26287 ||| DROPPING potion of berserk rage.
 26288 | Snake:3  | 26288 ||| DROPPING potion of flight.
 26389 | Swamp:1  | Entered Level 1 of the Swamp
 26398 | Swamp:1  | 26398 ||| FLEEEEING.
 26399 | Swamp:1  | 26399 ||| STAIRDANCE
 26475 | Swamp:1  | 26475 ||| Stepping ~*~*~tactically~*~*~ (hiding).
 26476 | Swamp:1  | 26476 ||| Stepping ~*~*~tactically~*~*~ (hiding).
 26478 | Swamp:1  | 26478 ||| Stepping ~*~*~tactically~*~*~ (hiding).
 26480 | Swamp:1  | Identified the +0 cloak "Xuceme Nache" {Will+} (Okawaru
                  | gifted it to you on level 1 of the Swamp)
 26480 | Swamp:1  | Received a gift from Okawaru
 26517 | Swamp:1  | 26517 ||| FLEEEEING.
 26518 | Swamp:1  | 26518 ||| FLEEEEING.
 26554 | Swamp:1  | 26554 ||| Stepping ~*~*~tactically~*~*~ (hiding).
 26555 | Swamp:1  | 26555 ||| Stepping ~*~*~tactically~*~*~ (hiding).
 26719 | Swamp:1  | 26719 ||| FLEEEEING.
 26720 | Swamp:1  | 26720 ||| FLEEEEING.
 26721 | Swamp:1  | 26721 ||| FLEEEEING.
 26722 | Swamp:1  | 26722 ||| FLEEEEING.
 26723 | Swamp:1  | 26723 ||| FLEEEEING.
 26724 | Swamp:1  | 26724 ||| FLEEEEING.
 26725 | Swamp:1  | 26725 ||| FLEEEEING.
 26726 | Swamp:1  | 26726 ||| FLEEEEING.
 26727 | Swamp:1  | 26727 ||| FLEEEEING.
 26728 | Swamp:1  | 26728 ||| FLEEEEING.
 26729 | Swamp:1  | 26729 ||| STAIRDANCE
 26796 | Lair:3   | 26796 ||| UPGRADING to +0 cloak "Xuceme Nache" {Will+}.
 27078 | Swamp:1  | 27078 ||| INVOKING Heroism.
 27084 | Swamp:1  | 27084 ||| SWAPPING to +3 war axe of flaming.
 27089 | Swamp:1  | 27089 ||| SWAPPING to +4 spectral broad axe.
 27463 | Swamp:2  | 27463 ||| Stepping ~*~*~tactically~*~*~ (hiding).
 27536 | Swamp:2  | 27536 ||| INVOKING Heroism.
 27549 | Swamp:2  | 27549 ||| SWAPPING to +3 war axe of flaming.
 27554 | Swamp:2  | 27554 ||| SWAPPING to +4 spectral broad axe.
 27566 | Swamp:2  | 27566 ||| Stepping ~*~*~tactically~*~*~ (hiding).
 27567 | Swamp:2  | 27567 ||| Stepping ~*~*~tactically~*~*~ (hiding).
 27571 | Swamp:2  | 27571 ||| INVOKING Heroism.
 27675 | Swamp:2  | 27675 ||| INVOKING Heroism.
 27692 | Swamp:2  | 27692 ||| Stepping ~*~*~tactically~*~*~ (stealth).
 27695 | Swamp:2  | 27695 ||| Stepping ~*~*~tactically~*~*~ (hiding).
 27696 | Swamp:2  | 27696 ||| Stepping ~*~*~tactically~*~*~ (hiding).
 27817 | Swamp:2  | 27817 ||| Stepping ~*~*~tactically~*~*~ (hiding).
 27821 | Swamp:2  | 27821 ||| Stepping ~*~*~tactically~*~*~ (cloud).
 27822 | Swamp:2  | 27822 ||| Stepping ~*~*~tactically~*~*~ (cloud).
 27961 | Swamp:2  | 27961 ||| Stepping ~*~*~tactically~*~*~ (hiding).
 28345 | Swamp:2  | Identified the +6 broad axe "Demonbane" {flame, rElec}
 28347 | Swamp:2  | 28347 ||| DROPPING +3 war axe of flaming.
 28435 | Swamp:3  | 28435 ||| INVOKING Heroism.
 28437 | Swamp:3  | 28437 ||| SWAPPING to +6 broad axe "Demonbane" {flame,
                  | rElec}.
 28440 | Swamp:3  | 28440 ||| SWAPPING to +4 spectral broad axe.
 28450 | Swamp:3  | 28450 ||| STAIRDANCE
 28548 | Swamp:3  | Noticed a tentacled monstrosity
 28549 | Swamp:3  | 28549 ||| INVOKING Heroism.
 28550 | Swamp:3  | 28550 ||| INVOKING Finesse.
 28557 | Swamp:3  | Killed a tentacled monstrosity
 28590 | Swamp:3  | 28590 ||| Stepping ~*~*~tactically~*~*~ (hiding).
 29034 | Swamp:3  | Reached skill level 16 in Armour
 29034 | Swamp:3  | Reached XP level 18. HP: 103/114 MP: 25/25
 29039 | Swamp:3  | 29039 ||| INVOKING Heroism.
 29045 | Swamp:3  | 29045 ||| Stepping ~*~*~tactically~*~*~ (cloud).
 29220 | Swamp:3  | 29220 ||| DROPPING +6 broad axe "Demonbane" {flame, rElec}.
 29377 | Swamp:3  | 29377 ||| PLANNING SNAKE:4
 29513 | Snake:4  | Entered Level 4 of the Snake Pit
 29522 | Snake:4  | 29522 ||| STAIRDANCE
 29587 | Snake:4  | 29587 ||| INVOKING Heroism.
 29642 | Snake:4  | Noticed a walking frostbound tome
 29646 | Snake:4  | Found Ronluq Caqe's Book Emporium.
 29649 | Snake:4  | Noticed a walking frostbound tome
 29655 | Snake:4  | 29655 ||| READING scroll of enchant armour.
 29655 | Snake:4  | 29655 ||| ENCHANTING +0 crystal plate armour.
 29765 | Snake:4  | 29765 ||| Stepping ~*~*~tactically~*~*~ (hiding).
 29771 | Snake:4  | 29771 ||| INVOKING Heroism.
 29809 | Snake:4  | 29809 ||| Stepping ~*~*~tactically~*~*~ (hiding).
 30212 | Snake:4  | 30212 ||| Stepping ~*~*~tactically~*~*~ (hiding).
 30214 | Snake:4  | 30214 ||| Stepping ~*~*~tactically~*~*~ (stealth).
 30228 | Snake:4  | Received a gift from Okawaru
 30273 | Snake:4  | Found Munirr's Armour Shop.
 30280 | Snake:4  | 30280 ||| BUYING +2 plate armour of an ice cave {rF- rC+
                  | rN+++ Dex+2} (912 gold).
 30280 | Snake:4  | Bought the +2 plate armour of an ice cave {rF- rC+ rN+++
                  | Dex+2} for 912 gold pieces
 30385 | Snake:4  | 30385 ||| Stepping ~*~*~tactically~*~*~ (stealth).
 30387 | Snake:4  | 30387 ||| Stepping ~*~*~tactically~*~*~ (hiding).
 30500 | Snake:4  | 30500 ||| Stepping ~*~*~tactically~*~*~ (hiding).
 30501 | Snake:4  | 30501 ||| Stepping ~*~*~tactically~*~*~ (hiding).
 30694 | Snake:4  | 30694 ||| INVOKING Heroism.
 30722 | Snake:4  | 30722 ||| Stepping ~*~*~tactically~*~*~ (hiding).
 30746 | Snake:4  | 30746 ||| Stepping ~*~*~tactically~*~*~ (hiding).
 30762 | Snake:4  | 30762 ||| Stepping ~*~*~tactically~*~*~ (stealth).
 30764 | Snake:4  | 30764 ||| Stepping ~*~*~tactically~*~*~ (hiding).
 30789 | Snake:4  | 30789 ||| Stepping ~*~*~tactically~*~*~ (hiding).
 30803 | Snake:4  | 30803 ||| INVOKING Heroism.
 30814 | Snake:4  | Received a gift from Okawaru
 30815 | Snake:4  | 30815 ||| Stepping ~*~*~tactically~*~*~ (hiding).
 30822 | Snake:4  | 30822 ||| Stepping ~*~*~tactically~*~*~ (hiding).
 30825 | Snake:4  | 30825 ||| INVOKING Heroism.
 30840 | Snake:4  | Identified the +5 leather armour of Greater Demons {+Blink
                  | Str+3 Dex-3}
 30881 | Snake:4  | 30881 ||| INVOKING Heroism.
 30924 | Snake:4  | 30924 ||| INVOKING Heroism.
 30928 | Snake:4  | Reached skill level 18 in Axes
 30946 | Snake:4  | 30946 ||| FLEEEEING.
 30947 | Snake:4  | 30947 ||| FLEEEEING.
 30967 | Snake:4  | 30967 ||| INVOKING Heroism.
 31117 | Snake:4  | 31117 ||| Stepping ~*~*~tactically~*~*~ (hiding).
 31141 | Snake:4  | 31141 ||| Stepping ~*~*~tactically~*~*~ (stealth).
 31145 | Snake:4  | 31145 ||| Stepping ~*~*~tactically~*~*~ (stealth).
 31147 | Snake:4  | 31147 ||| Stepping ~*~*~tactically~*~*~ (hiding).
 31155 | Snake:4  | Noticed Vashnia
 31162 | Snake:4  | 31162 ||| Stepping ~*~*~tactically~*~*~ (hiding).
 31163 | Snake:4  | 31163 ||| Stepping ~*~*~tactically~*~*~ (hiding).
 31174 | Snake:4  | Killed Vashnia
 31175 | Snake:4  | 31175 ||| Stepping ~*~*~tactically~*~*~ (hiding).
 31189 | Snake:4  | 31189 ||| Stepping ~*~*~tactically~*~*~ (stealth).
 31245 | Snake:4  | Got a serpentine rune of Zot
 31643 | Snake:4  | 31643 ||| PLANNING VAULTS:1-4
 31897 | Vaults:1 | Entered Level 1 of the Vaults
 31939 | Vaults:1 | Received a gift from Okawaru
 31995 | Vaults:1 | 31995 ||| READING scroll of enchant armour.
 31995 | Vaults:1 | 31995 ||| ENCHANTING +1 crystal plate armour.
 32016 | Vaults:1 | 32016 ||| FLEEEEING.
 32017 | Vaults:1 | 32017 ||| FLEEEEING.
 32018 | Vaults:1 | 32018 ||| FLEEEEING.
 32020 | Vaults:1 | 32020 ||| FLEEEEING.
 32021 | Vaults:1 | 32021 ||| FLEEEEING.
 32022 | Vaults:1 | 32022 ||| FLEEEEING.
 32023 | Vaults:1 | 32023 ||| FLEEEEING.
 32024 | Vaults:1 | 32024 ||| FLEEEEING.
 32025 | Vaults:1 | 32025 ||| FLEEEEING.
 32026 | Vaults:1 | 32026 ||| FLEEEEING.
 32027 | Vaults:1 | 32027 ||| FLEEEEING.
 32038 | Vaults:1 | 32038 ||| FLEEEEING.
 32039 | Vaults:1 | 32039 ||| FLEEEEING.
 32040 | Vaults:1 | 32040 ||| FLEEEEING.
 32041 | Vaults:1 | 32041 ||| FLEEEEING.
 32042 | Vaults:1 | 32042 ||| FLEEEEING.
 32043 | Vaults:1 | 32043 ||| FLEEEEING.
 32044 | Vaults:1 | 32044 ||| STAIRDANCE
 32154 | Vaults:1 | 32154 ||| Stepping ~*~*~tactically~*~*~ (hiding).
 32157 | Vaults:1 | 32157 ||| INVOKING Heroism.
 32158 | Vaults:1 | 32158 ||| INVOKING Finesse.
 32173 | Vaults:1 | 32173 ||| Stepping ~*~*~tactically~*~*~ (hiding).
 32188 | Vaults:1 | 32188 ||| Stepping ~*~*~tactically~*~*~ (stealth).
 32207 | Vaults:1 | Reached skill level 17 in Armour
 32526 | Vaults:1 | Found Uqera's Distillery.
 32535 | Vaults:1 | 32535 ||| BUYING 2 potions of heal wounds (180 gold).
 32535 | Vaults:1 | Bought 2 potions of heal wounds for 180 gold pieces
 32535 | Vaults:1 | 32535 ||| BUYING potion of attraction (54 gold).
 32535 | Vaults:1 | Bought a potion of attraction for 54 gold pieces
 32535 | Vaults:1 | 32535 ||| BUYING potion of cancellation (144 gold).
 32535 | Vaults:1 | Bought a potion of cancellation for 144 gold pieces
 32535 | Vaults:1 | 32535 ||| BUYING potion of curing (54 gold).
 32535 | Vaults:1 | Bought a potion of curing for 54 gold pieces
 32535 | Vaults:1 | 32535 ||| BUYING potion of curing (54 gold).
 32535 | Vaults:1 | Bought a potion of curing for 54 gold pieces
 32535 | Vaults:1 | 32535 ||| BUYING potion of haste (180 gold).
 32535 | Vaults:1 | Bought a potion of haste for 180 gold pieces
 32745 | Vaults:1 | 32745 ||| INVOKING Heroism.
 32754 | Vaults:1 | Received a gift from Okawaru
 32759 | Vaults:1 | Reached XP level 19. HP: 97/120 MP: 26/26
 32855 | Vaults:1 | 32855 ||| Stepping ~*~*~tactically~*~*~ (hiding).
 32857 | Vaults:1 | 32857 ||| Stepping ~*~*~tactically~*~*~ (hiding).
 32867 | Vaults:1 | Reached skill level 18 in Shields
 33040 | Vaults:1 | 33040 ||| Stepping ~*~*~tactically~*~*~ (hiding).
 33042 | Vaults:1 | 33042 ||| Stepping ~*~*~tactically~*~*~ (hiding).
 33081 | Vaults:1 | 33081 ||| FLEEEEING.
 33153 | Vaults:1 | 33153 ||| Stepping ~*~*~tactically~*~*~ (stealth).
 33366 | Vaults:2 | 33366 ||| Stepping ~*~*~tactically~*~*~ (stealth).
 33368 | Vaults:2 | 33368 ||| Stepping ~*~*~tactically~*~*~ (stealth).
 33383 | Vaults:2 | 33383 ||| FLEEEEING.
 33385 | Vaults:2 | 33385 ||| FLEEEEING.
 33386 | Vaults:2 | 33386 ||| FLEEEEING.
 33387 | Vaults:2 | 33387 ||| FLEEEEING.
 33388 | Vaults:2 | 33388 ||| FLEEEEING.
 33389 | Vaults:2 | 33389 ||| FLEEEEING.
 33390 | Vaults:2 | 33390 ||| STAIRDANCE
 33514 | Vaults:2 | 33514 ||| Stepping ~*~*~tactically~*~*~ (hiding).
 33528 | Vaults:2 | 33528 ||| INVOKING Heroism.
 33731 | Vaults:2 | Noticed Mennas
 33732 | Vaults:2 | 33732 ||| INVOKING Heroism.
 33733 | Vaults:2 | 33733 ||| INVOKING Finesse.
 33758 | Vaults:2 | Killed Mennas
 33758 | Vaults:2 | Received a gift from Okawaru
 33759 | Vaults:2 | Reached skill level 18 in Armour
 33800 | Vaults:2 | 33800 ||| FLEEEEING.
 33801 | Vaults:2 | 33801 ||| FLEEEEING.
 33802 | Vaults:2 | 33802 ||| INVOKING Heroism.
 34054 | Vaults:2 | 34054 ||| Stepping ~*~*~tactically~*~*~ (hiding).
 34082 | Vaults:2 | Received a gift from Okawaru
 34154 | Vaults:2 | 34154 ||| Stepping ~*~*~tactically~*~*~ (hiding).
 34349 | Vaults:2 | Reached skill level 15 in Fighting
 34477 | Vaults:2 | 34477 ||| INVOKING Heroism.
 34704 | Vaults:2 | 34704 ||| INVOKING Heroism.
 34720 | Vaults:2 | 34720 ||| INVOKING Finesse.
 35016 | Vaults:2 | Noticed Zenata
 35017 | Vaults:2 | 35017 ||| INVOKING Heroism.
 35018 | Vaults:2 | 35018 ||| INVOKING Finesse.
 35033 | Vaults:2 | Killed Zenata
 35268 | Vaults:2 | Received a gift from Okawaru
 35283 | Vaults:2 | 35283 ||| FLEEEEING.
 35284 | Vaults:2 | 35284 ||| FLEEEEING.
 35285 | Vaults:2 | 35285 ||| FLEEEEING.
 35286 | Vaults:2 | 35286 ||| FLEEEEING.
 35287 | Vaults:2 | 35287 ||| FLEEEEING.
 35288 | Vaults:2 | 35288 ||| FLEEEEING.
 35289 | Vaults:2 | 35289 ||| FLEEEEING.
 35290 | Vaults:2 | 35290 ||| FLEEEEING.
 35291 | Vaults:2 | 35291 ||| FLEEEEING.
 35292 | Vaults:2 | 35292 ||| FLEEEEING.
 35293 | Vaults:2 | 35293 ||| FLEEEEING.
 35294 | Vaults:2 | 35294 ||| FLEEEEING.
 35295 | Vaults:2 | 35295 ||| FLEEEEING.
 35296 | Vaults:2 | 35296 ||| FLEEEEING.
 35297 | Vaults:2 | 35297 ||| FLEEEEING.
 35298 | Vaults:2 | 35298 ||| FLEEEEING.
 35299 | Vaults:2 | 35299 ||| FLEEEEING.
 35300 | Vaults:2 | 35300 ||| FLEEEEING.
 35301 | Vaults:2 | 35301 ||| FLEEEEING.
 35302 | Vaults:2 | 35302 ||| FLEEEEING.
 35303 | Vaults:2 | 35303 ||| FLEEEEING.
 35304 | Vaults:2 | 35304 ||| FLEEEEING.
 35305 | Vaults:2 | 35305 ||| FLEEEEING.
 35306 | Vaults:2 | 35306 ||| FLEEEEING.
 35307 | Vaults:2 | 35307 ||| FLEEEEING.
 35308 | Vaults:2 | 35308 ||| FLEEEEING.
 35309 | Vaults:2 | 35309 ||| FLEEEEING.
 35311 | Vaults:2 | 35311 ||| FLEEEEING.
 35312 | Vaults:2 | 35312 ||| FLEEEEING.
 35313 | Vaults:2 | 35313 ||| FLEEEEING.
 35314 | Vaults:2 | 35314 ||| STAIRDANCE
 35604 | Vaults:3 | 35604 ||| INVOKING Heroism.
 35605 | Vaults:3 | 35605 ||| INVOKING Finesse.
 35635 | Vaults:3 | Reached skill level 19 in Armour
 35640 | Vaults:3 | Noticed Nikola
 35666 | Vaults:3 | Killed Nikola
 35666 | Vaults:3 | Received a gift from Okawaru
 35718 | Vaults:3 | 35718 ||| FLEEEEING.
 35719 | Vaults:3 | 35719 ||| FLEEEEING.
 35721 | Vaults:3 | 35721 ||| STAIRDANCE
 35807 | Vaults:3 | 35807 ||| Stepping ~*~*~tactically~*~*~ (stealth).
 35810 | Vaults:3 | 35810 ||| Stepping ~*~*~tactically~*~*~ (hiding).
 36085 | Vaults:3 | Reached XP level 20. HP: 99/129 MP: 27/27
 36099 | Vaults:3 | 36099 ||| FLEEEEING.
 36100 | Vaults:3 | 36100 ||| FLEEEEING.
 36101 | Vaults:3 | 36101 ||| FLEEEEING.
 36102 | Vaults:3 | 36102 ||| FLEEEEING.
 36103 | Vaults:3 | 36103 ||| FLEEEEING.
 36104 | Vaults:3 | 36104 ||| FLEEEEING.
 36105 | Vaults:3 | 36105 ||| FLEEEEING.
 36106 | Vaults:3 | 36106 ||| FLEEEEING.
 36107 | Vaults:3 | 36107 ||| FLEEEEING.
 36108 | Vaults:3 | 36108 ||| FLEEEEING.
 36109 | Vaults:3 | 36109 ||| FLEEEEING.
 36110 | Vaults:3 | 36110 ||| FLEEEEING.
 36111 | Vaults:3 | 36111 ||| FLEEEEING.
 36112 | Vaults:3 | 36112 ||| FLEEEEING.
 36113 | Vaults:3 | 36113 ||| FLEEEEING.
 36114 | Vaults:3 | 36114 ||| FLEEEEING.
 36115 | Vaults:3 | 36115 ||| FLEEEEING.
 36116 | Vaults:3 | 36116 ||| FLEEEEING.
 36117 | Vaults:3 | 36117 ||| FLEEEEING.
 36118 | Vaults:3 | 36118 ||| FLEEEEING.
 36119 | Vaults:3 | 36119 ||| FLEEEEING.
 36120 | Vaults:3 | 36120 ||| FLEEEEING.
 36121 | Vaults:3 | 36121 ||| FLEEEEING.
 36122 | Vaults:3 | 36122 ||| FLEEEEING.
 36123 | Vaults:3 | 36123 ||| FLEEEEING.
 36124 | Vaults:3 | 36124 ||| FLEEEEING.
 36125 | Vaults:3 | 36125 ||| FLEEEEING.
 36338 | Vaults:3 | 36338 ||| Stepping ~*~*~tactically~*~*~ (hiding).
 36468 | Vaults:3 | Received a gift from Okawaru
 36507 | Vaults:3 | 36507 ||| Stepping ~*~*~tactically~*~*~ (hiding).
 36598 | Vaults:3 | Reached ****** piety under Okawaru
 36761 | Vaults:3 | 36761 ||| INVOKING Finesse.
 36912 | Vaults:3 | Found a staircase to the Crypt.
 36998 | Vaults:3 | Identified the +1 flail "Ogeczolu" {freeze, rElec Will-
                  | Dex+6}
 37010 | Vaults:3 | 37010 ||| DROPPING scarf "Getoy" {repulsion, Harm Drain
                  | Int+7 Stlth-}.
 37493 | Vaults:3 | 37493 ||| DROPPING +1 cloak.
 37680 | Vaults:4 | 37680 ||| Stepping ~*~*~tactically~*~*~ (stealth).
 37682 | Vaults:4 | 37682 ||| Stepping ~*~*~tactically~*~*~ (stealth).
 37824 | Vaults:4 | 37824 ||| Stepping ~*~*~tactically~*~*~ (hiding).
 37825 | Vaults:4 | 37825 ||| Stepping ~*~*~tactically~*~*~ (hiding).
 37826 | Vaults:4 | 37826 ||| Stepping ~*~*~tactically~*~*~ (hiding).
 37827 | Vaults:4 | 37827 ||| Stepping ~*~*~tactically~*~*~ (hiding).
 37857 | Vaults:4 | Received a gift from Okawaru
 38104 | Vaults:4 | 38104 ||| Stepping ~*~*~tactically~*~*~ (hiding).
 38219 | Vaults:4 | 38219 ||| Stepping ~*~*~tactically~*~*~ (hiding).
 38221 | Vaults:4 | 38221 ||| INVOKING Finesse.
 38277 | Vaults:4 | 38277 ||| Stepping ~*~*~tactically~*~*~ (hiding).
 38281 | Vaults:4 | Reached skill level 9 in Throwing
 38576 | Vaults:4 | 38576 ||| Stepping ~*~*~tactically~*~*~ (hiding).
 38594 | Vaults:4 | 38594 ||| Stepping ~*~*~tactically~*~*~ (stealth).
 38614 | Vaults:4 | 38614 ||| Stepping ~*~*~tactically~*~*~ (stealth).
 38615 | Vaults:4 | 38615 ||| Stepping ~*~*~tactically~*~*~ (stealth).
 38618 | Vaults:4 | 38618 ||| Stepping ~*~*~tactically~*~*~ (hiding).
 38621 | Vaults:4 | 38621 ||| Stepping ~*~*~tactically~*~*~ (hiding).
 38880 | Vaults:4 | 38880 ||| INVOKING Heroism.
 38993 | Vaults:4 | 38993 ||| PLANNING SWAMP:4
 38993 | Vaults:4 | 38993 ||| DROPPING amulet of regeneration.
 39336 | Swamp:4  | Entered Level 4 of the Swamp
 39453 | Swamp:4  | 39453 ||| Stepping ~*~*~tactically~*~*~ (hiding).
 39656 | Swamp:4  | 39656 ||| Stepping ~*~*~tactically~*~*~ (stealth).
 39677 | Swamp:4  | 39677 ||| READING scroll of enchant weapon.
 39677 | Swamp:4  | 39677 ||| ENCHANTING +4 spectral broad axe.
 39707 | Swamp:4  | 39707 ||| Stepping ~*~*~tactically~*~*~ (hiding).
 39787 | Swamp:4  | Reached skill level 20 in Armour
 40005 | Swamp:4  | 40005 ||| Stepping ~*~*~tactically~*~*~ (hiding).
 40006 | Swamp:4  | 40006 ||| Stepping ~*~*~tactically~*~*~ (hiding).
 40007 | Swamp:4  | 40007 ||| Stepping ~*~*~tactically~*~*~ (hiding).
 40014 | Swamp:4  | 40014 ||| Stepping ~*~*~tactically~*~*~ (cloud).
 40088 | Swamp:4  | 40088 ||| DROPPING +1 pair of boots.
 40094 | Swamp:4  | 40094 ||| INVOKING Heroism.
 40095 | Swamp:4  | 40095 ||| INVOKING Finesse.
 40097 | Swamp:4  | Received a gift from Okawaru
 40123 | Swamp:4  | 40123 ||| Stepping ~*~*~tactically~*~*~ (stealth).
 40149 | Swamp:4  | 40149 ||| Stepping ~*~*~tactically~*~*~ (stealth).
 40168 | Swamp:4  | 40168 ||| Stepping ~*~*~tactically~*~*~ (stealth).
 40170 | Swamp:4  | 40170 ||| Stepping ~*~*~tactically~*~*~ (stealth).
 40258 | Swamp:4  | 40258 ||| Stepping ~*~*~tactically~*~*~ (cloud).
 40260 | Swamp:4  | 40260 ||| Stepping ~*~*~tactically~*~*~ (cloud).
 40268 | Swamp:4  | 40268 ||| Stepping ~*~*~tactically~*~*~ (cloud).
 40454 | Swamp:4  | 40454 ||| Waiting for clouds to move.
 40454 | Swamp:4  | 40454 ||| PLANNING SWAMP:4
 40454 | Swamp:4  | 40454 ||| Stepping randomly (Swamp:4).
 40455 | Swamp:4  | 40455 ||| Stepping randomly (Swamp:4).
 40462 | Swamp:4  | 40462 ||| Stepping ~*~*~tactically~*~*~ (cloud).
 40467 | Swamp:4  | 40467 ||| Stepping ~*~*~tactically~*~*~ (cloud).
 40472 | Swamp:4  | 40472 ||| Stepping ~*~*~tactically~*~*~ (cloud).
 40510 | Swamp:4  | Got a decaying rune of Zot
 40519 | Swamp:4  | 40519 ||| PLANNING DEPTHS
 40869 | Depths:1 | Entered Level 1 of the Depths
 40889 | Depths:1 | 40889 ||| INVOKING Heroism.
 40892 | Depths:1 | 40892 ||| PLANNING DEPTHS
 41030 | Depths:1 | 41030 ||| INVOKING Heroism.
 41031 | Depths:1 | 41031 ||| INVOKING Finesse.
 41044 | Depths:1 | 41044 ||| Stepping ~*~*~tactically~*~*~ (stealth).
 41067 | Depths:1 | 41067 ||| Stepping ~*~*~tactically~*~*~ (hiding).
 41076 | Depths:1 | 41076 ||| Stepping ~*~*~tactically~*~*~ (hiding).
 41175 | Depths:1 | 41175 ||| INVOKING Heroism.
 41176 | Depths:1 | 41176 ||| INVOKING Finesse.
 41329 | Depths:1 | 41329 ||| Stepping ~*~*~tactically~*~*~ (hiding).
 41365 | Depths:1 | 41365 ||| Stepping ~*~*~tactically~*~*~ (stealth).
 41368 | Depths:1 | 41368 ||| Stepping ~*~*~tactically~*~*~ (stealth).
 41370 | Depths:1 | 41370 ||| Stepping ~*~*~tactically~*~*~ (hiding).
 41371 | Depths:1 | 41371 ||| Stepping ~*~*~tactically~*~*~ (hiding).
 41499 | Depths:1 | 41499 ||| Stepping ~*~*~tactically~*~*~ (hiding).
 41513 | Depths:1 | 41513 ||| INVOKING Heroism.
 41638 | Depths:1 | 41638 ||| INVOKING Heroism.
 41643 | Depths:1 | Received a gift from Okawaru
 41766 | Depths:1 | Found a one-way gateway to a ziggurat.
 41781 | Depths:1 | 41781 ||| Stepping ~*~*~tactically~*~*~ (hiding).
 41977 | Depths:1 | 41977 ||| Stepping ~*~*~tactically~*~*~ (hiding).
 41978 | Depths:1 | 41978 ||| Stepping ~*~*~tactically~*~*~ (hiding).
 42086 | Depths:1 | 42086 ||| Stepping ~*~*~tactically~*~*~ (stealth).
 42115 | Depths:1 | 42115 ||| Stepping ~*~*~tactically~*~*~ (hiding).
 42132 | Depths:1 | Found a one-way gate leading to the halls of Pandemonium.
 42133 | Depths:1 | 42133 ||| INVOKING Heroism.
 42267 | Depths:1 | Found The Oracle's Delphic Readings.
 42289 | Depths:1 | 42289 ||| Stepping ~*~*~tactically~*~*~ (hiding).
 42292 | Depths:1 | 42292 ||| Stepping ~*~*~tactically~*~*~ (hiding).
 42369 | Depths:1 | 42369 ||| Stepping ~*~*~tactically~*~*~ (hiding).
 42379 | Depths:1 | Reached XP level 21. HP: 139/139 MP: 28/28
 42559 | Depths:1 | 42559 ||| INVOKING Heroism.
 42628 | Depths:1 | Found a gateway to Hell.
 42850 | Depths:2 | 42850 ||| Stepping ~*~*~tactically~*~*~ (hiding).
 42854 | Depths:2 | 42854 ||| INVOKING Heroism.
 42894 | Depths:2 | Received a gift from Okawaru
 42896 | Depths:2 | 42896 ||| Stepping ~*~*~tactically~*~*~ (hiding).
 42900 | Depths:2 | 42900 ||| Stepping ~*~*~tactically~*~*~ (hiding).
 43033 | Depths:2 | 43033 ||| Stepping ~*~*~tactically~*~*~ (hiding).
 43183 | Depths:2 | 43183 ||| INVOKING Heroism.
 43196 | Depths:2 | 43196 ||| Stepping ~*~*~tactically~*~*~ (cloud).
 43197 | Depths:2 | 43197 ||| Stepping ~*~*~tactically~*~*~ (cloud).
 43224 | Depths:2 | 43224 ||| Stepping ~*~*~tactically~*~*~ (stealth).
 43318 | Depths:2 | 43318 ||| Stepping ~*~*~tactically~*~*~ (hiding).
 43319 | Depths:2 | 43319 ||| Stepping ~*~*~tactically~*~*~ (hiding).
 43321 | Depths:2 | 43321 ||| Stepping ~*~*~tactically~*~*~ (hiding).
 43329 | Depths:2 | Received a gift from Okawaru
 43452 | Depths:2 | 43452 ||| INVOKING Heroism.
 43453 | Depths:2 | 43453 ||| Stepping ~*~*~tactically~*~*~ (stealth).
 43513 | Depths:2 | 43513 ||| Stepping ~*~*~tactically~*~*~ (stealth).
 43517 | Depths:2 | 43517 ||| Stepping ~*~*~tactically~*~*~ (stealth).
 43613 | Depths:2 | Noticed the Enchantress
 43614 | Depths:2 | 43614 ||| INVOKING Heroism.
 43652 | Depths:2 | Killed the Enchantress
 43666 | Depths:2 | 43666 ||| INVOKING Heroism.
 43706 | Depths:2 | HP: 27/139 [ice dragon/blast of cold (19)]
 43707 | Depths:2 | 43707 ||| READING 20 scrolls of teleportation.
 43708 | Depths:2 | 43708 ||| DRINKING 8 potions of heal wounds.
 43710 | Depths:2 | 43710 ||| INVOKING Heroism.
 43713 | Depths:2 | Reached skill level 21 in Armour
 43716 | Depths:2 | Received a gift from Okawaru
 43719 | Depths:2 | HP: 34/139 [ice dragon (5)]
 43720 | Depths:2 | 43720 ||| READING 19 scrolls of teleportation.
 43721 | Depths:2 | 43721 ||| DRINKING 7 potions of heal wounds.
 44024 | Depths:2 | 44024 ||| Stepping ~*~*~tactically~*~*~ (hiding).
 44047 | Depths:2 | 44047 ||| Stepping ~*~*~tactically~*~*~ (stealth).
 44131 | Depths:2 | 44131 ||| Stepping ~*~*~tactically~*~*~ (stealth).
 44309 | Depths:2 | Identified the +8 falchion of Mayhem {drain, *Corrode rPois
                  | Int+4}
 44315 | Depths:2 | 44315 ||| INVOKING Heroism.
 44326 | Depths:2 | HP: 32/140 [20-headed hydra (17)]
 44326 | Depths:2 | HP: 1/140 [20-headed hydra (17)]
 44326 | Depths:2 | Slain by a 20-headed hydra

Levels and vault maps discovered:
D:1:      eino_arrival_druids_welcome, layout_loops_ring,
          nicolae_ecumenical_lake_church
D:2:      layout_loops_corners, serial_forest, infiniplex_forest_zigzag_1,
          infiniplex_forest_clump_tiny, infiniplex_forest_lined_2,
          infiniplex_forest_clump_curved, infiniplex_forest_pool,
          infiniplex_forest_corner_2, serial_shops,
          nicolae_shop_industrial_runoff
D:3:      layout_basic, mainiacjoe_overflow_catwalk, grunt_gozag_breadcrumbs
D:4:      layout_gridville, uniq_ijyb, uniq_pikel, uniq_eustachio
D:5:      layout_basic, gammafunk_temple_overflow_claw, uniq_menkaure
D:6:      layout_loops_ring, doesnt_shop_hydraphobe
D:7:      layout_rooms, minmay_temple_entry_nine_rooms, serial_shops,
          nicolae_shop_getting_attention
D:8:      layout_loops_ring, nicolae_elyvilon_temple_path,
          grunt_temple_overflow_lords_of_destruction, minmay_quadrilaterals
D:9:      layout_loops_cross
D:10:     layout_basic, david_orc_1_choice, gammafunk_ghost_berserking_beasts
D:11:     layout_basic, erik_lair_orcish_takeover, gammafunk_ghost_hive,
          st_stairs_11, demons_altar, uniq_nergalle
D:12:     layout_roguey, gammafunk_ghost_mausoleum, evilmike_minifort
D:13:     layout_rooms, erik_vaults_2, gauntlet_entry_generic
D:14:     minmay_expanding_circles, layout_rooms, nicolae_transmutations_shop,
          uniq_azrael
D:15:     grunt_enter_depths_hoard, layout_basic, special_room
          [special_room_orc], trog_three_pillars_becter,
          hangedman_abyss_or_decor_stagger, uniq_louise, uniq_jorgrun,
          uniq_josephine
Temple:   eino_temple_water
Lair:1:   layout_regular_city, nicolae_quartered_pool_impasse,
          lemuel_fruit_fields, serial_bayou_shore_a
Lair:2:   layout_misc_corridors, portal_ice_cave_entry_pillars_1
Lair:3:   layout_roguey, swamp_mist_pool, guppyfry_snake_entry_island,
          uniq_snorg, uniq_sonja
Lair:4:   beast_lair_carwin_large_4, layout_misc_corridors, uniq_kirke
Lair:5:   grunt_lair_end_beastmaster, layout_cave_pods,
          minmay_slime_entry_oklob_enclosed, serial_bayou_shore_b,
          grunt_megastairs_2
Swamp:1:  nicolae_swamp_ascending_descending, layout_basic_swamp,
          evilmike_swamp_ruin_rubble_1
Swamp:2:  layout_basic_swamp, nicolae_swamp_orc_logging_accident
Swamp:3:  layout_basic_swamp, nicolae_swamp_triple_paths
Swamp:4:  swamp_icy, layout_basic_swamp, infiniplex_staircase_pool_2
Snake:1:  layout_cave_shapes, hangedman_snake_sidewinding
Snake:2:  layout_misc_corridors, serial_shops, nicolae_diamond_shop,
          shop_fountains, grunt_megastairs_5, uniq_aizul
Snake:3:  layout_rooms, grunt_megastairs_1, uniq_asterion
Snake:4:  grunt_snake_rune_serpentine_throne, layout_chambers, serial_shops,
          nicolae_shop_mannequins, shop, nicolae_snake_slithery_corners
Orc:1:    gammafunk_beogh_shrine, layout_diamond_mine, gammafunk_ghost_arena
Orc:2:    st_orc_open, layout_diamond_mine, mines5_lemuel, uniq_nessos,
          uniq_donald
Vaults:1: ontoclasm_vaults_ring_large, nicolae_vaults_tetromino_L_2,
          nicolae_vaults_oval_intersection, v_misc_5, v_misc_23, v_misc_5,
          nicolae_vaults_tetromino_L_1, vaults_dpeg_diagonal, v_misc_22,
          hangedman_vaults_corner_blocks, nicolae_vaults_house_1,
          vaults_room_hallway, nicolae_vaults_little_ls,
          nicolae_vaults_crenellated_ambush, nicolae_vaults_little_squares_4,
          layout_vaults_ring, serial_shops, nicolae_shop_tiny_statue_garden
Vaults:2: vaults_standard_mumra_x, vaults_room_octagon, vaults_room_boxed,
          nicolae_vaults_doubleplus_tesselated, hangedman_vaults_trim,
          hangedman_vaults_maws, v_misc_24, hangedman_vaults_capsules,
          vaults_room_pool, nicolae_vaults_specimen_jars,
          vaults_room_stairs_pillars, layout_vaults_big_room, uniq_mennas,
          uniq_zenata
Vaults:3: grunt_vaults_hallway_short, ontoclasm_vaults_ring_square, v_pattern_5,
          minmay_crypt_entry_simple_box, serial_ice_h, nicolae_vaults_diamond_2,
          vaults_dpeg_ring, hangedman_vaults_impose,
          nicolae_vaults_bisected_exclaves, nicolae_vaults_closet_pinwheel_4,
          vaults_room_pool, layout_vaults_omnigrid, uniq_nikola
Vaults:4: nicolae_vaults_network_quincunx
          [nicolae_vaults_network_quincunx_subvault,
          nicolae_vaults_network_quincunx_subvault,
          nicolae_vaults_network_quincunx_subvault,
          nicolae_vaults_network_quincunx_subvault,
          nicolae_vaults_network_quincunx_subvault],
          nicolae_vaults_circle_grid_a, v_misc_15, nicolae_vaults_prndl,
          nicolae_vaults_mitosis, hangedman_vaults_locks, vaults_dpeg_hooks,
          v_misc_3, ontoclasm_vaults_ligature, nicolae_vaults_network_star,
          nicolae_vaults_cornered_office,
          nicolae_vaults_antechamber_and_loot_room, vaults_room_stairs_pillars,
          nicolae_vaults_little_squares_3, layout_vaults_maze
Depths:1: layout_honeycomb, enter_ziggurat_a, grunt_pan_entry_spiral,
          pf_hell_entry_tar_spiral, nicolae_nh_oracle_at_delphi,
          serial_bayou_shore_b
Depths:2: hangedman_hanging_gardens, layout_gridlike, minmay_misc_feat_tower,
          hell_entry, pan_entry, nicolae_concentric_dashed_squares_mild,
          uniq_enchantress

Skill      XL: |  1  2  3  4  5  6  7  8  9 10 11 12 13 14 15 16 17 18 19 20 21 |
---------------+----------------------------------------------------------------+-----
Axes           | 2 3 5 6 8 10 11 12 13 14 15 16 17 18 | 18.0
Throwing       | 1 2 3 4 6 7 9 |  9.0
Fighting       | 6 7 9 10 11 12 13 15 17 | 17.5
Dodging        | 2 3 4 |  4.0
Armour         | 5 7 8 9 11 14 16 17 19 20 21 | 21.0
Shields        | 4 8 10 12 15 16 17 18 19 | 19.4
Invocations    | 1 4 5 9 10 | 10.1

Action                     |  1- 3 |  4- 6 |  7- 9 | 10-12 | 13-15 | 16-18 | 19-21 || total
---------------------------+-------+-------+-------+-------+-------+-------+-------++-------
  Melee: War axe           |    74 |    74 |   164 |   110 |       |     8 |       ||   430
         Broad axe         |       |       |       |   213 |   760 |   995 |  1071 ||  3039
  Throw: Boomerang         |    34 |    27 |     5 |       |    18 |    57 |    60 ||   201
         Javelin           |       |    11 |    66 |    57 |   223 |   175 |   133 ||   665
 Invoke: Heroism           |       |       |     1 |    22 |    31 |    27 |    23 ||   104
         Finesse           |       |       |       |       |    10 |     4 |     9 ||    23
    Use: Scroll            |     6 |     3 |     7 |     9 |     7 |     6 |     3 ||    41
         Potion            |       |       |     5 |     4 |     1 |       |     2 ||    12
   Stab: Petrifying        |       |       |       |       |     1 |       |       ||     1
         Petrified         |       |       |       |       |     1 |       |       ||     1
         Distracted        |       |       |       |       |       |    18 |    24 ||    42
 Armour: Scale mail        |    26 |       |       |       |       |       |       ||    26
         Chain mail        |     3 |    37 |    73 |     6 |       |       |       ||   119
         Plate armour      |       |       |       |    70 |   180 |    11 |       ||   261
         Crystal plate arm |       |       |       |       |       |   278 |   285 ||   563
  Dodge: Dodged            |    34 |    35 |    53 |    62 |   138 |   168 |   192 ||   682
  Block: Buckler           |    15 |    34 |    81 |     6 |       |       |       ||   136
         Reflection        |       |     2 |     3 |     7 |    35 |    87 |    48 ||   182
         Kite shield       |       |       |       |   192 |    86 |       |       ||   278
         Tower shield      |       |       |       |       |   486 |   932 |   731 ||  2149

Table legend:
 A = Non-vault XP
 B = Vault XP
 C = Vault XP percentage of total XP
 D = Non-vault monster count
 E = Vault monster count
 F = Vault count percentage of total count
                 A         B        C        D         E       F
            +---------+---------+-------+---------+---------+-------
      Total |  304408 |  231145 |  43.2 |     776 |     434 |  35.9
            +---------+---------+-------+---------+---------+-------
        D:1 |      28 |       0 |   0.0 |      17 |       0 |   0.0
        D:2 |      35 |       0 |   0.0 |      10 |       0 |   0.0
        D:3 |      57 |       0 |   0.0 |      18 |       0 |   0.0
        D:4 |      82 |     855 |  91.2 |       9 |       3 |  25.0
        D:5 |     176 |     172 |  49.4 |       4 |       1 |  20.0
        D:6 |     690 |       0 |   0.0 |      23 |       0 |   0.0
        D:7 |    1172 |       0 |   0.0 |      22 |       0 |   0.0
        D:8 |    1198 |     587 |  32.9 |      27 |       6 |  18.2
        D:9 |     767 |       0 |   0.0 |      10 |       0 |   0.0
       D:10 |    3255 |     579 |  15.1 |      10 |       9 |  47.4
       D:11 |    5853 |    2972 |  33.7 |      23 |      15 |  39.5
       D:12 |    8755 |    5167 |  37.1 |      14 |      13 |  48.1
       D:13 |    6318 |    7028 |  52.7 |      16 |       8 |  33.3
       D:14 |    7603 |    3905 |  33.9 |      15 |       9 |  37.5
       D:15 |    5401 |    7881 |  59.3 |      16 |      34 |  68.0
     Lair:1 |    1680 |       0 |   0.0 |      10 |       0 |   0.0
     Lair:2 |    4588 |       0 |   0.0 |      19 |       0 |   0.0
     Lair:3 |    8807 |    2987 |  25.3 |      39 |       6 |  13.3
     Lair:4 |    4115 |    8626 |  67.7 |      15 |      19 |  55.9
     Lair:5 |    6393 |   10521 |  62.2 |      26 |      20 |  43.5
    Swamp:1 |   11583 |       0 |   0.0 |      23 |       0 |   0.0
    Swamp:2 |   12236 |       0 |   0.0 |      24 |       0 |   0.0
    Swamp:3 |   16819 |       0 |   0.0 |      26 |       0 |   0.0
    Swamp:4 |    8654 |    8084 |  48.3 |      20 |      30 |  60.0
    Snake:1 |   12246 |   11995 |  49.5 |      25 |      20 |  44.4
    Snake:2 |   16568 |    5385 |  24.5 |      36 |       9 |  20.0
    Snake:3 |    9679 |    4858 |  33.4 |      22 |       7 |  24.1
    Snake:4 |   12835 |   29467 |  69.7 |      28 |      40 |  58.8
      Orc:1 |    3061 |       0 |   0.0 |      30 |       0 |   0.0
      Orc:2 |    1313 |   18865 |  93.5 |      16 |      49 |  75.4
   Vaults:1 |   30591 |    8326 |  21.4 |      45 |      12 |  21.1
   Vaults:2 |   28392 |   19139 |  40.3 |      43 |      24 |  35.8
   Vaults:3 |   32529 |   17370 |  34.8 |      46 |      20 |  30.3
   Vaults:4 |    5536 |   23398 |  80.9 |       7 |      33 |  82.5
   Depths:1 |   17496 |    5364 |  23.5 |      19 |      11 |  36.7
   Depths:2 |   17897 |   23689 |  57.0 |      23 |      26 |  53.1
   Gauntlet |       0 |    3925 | 100.0 |       0 |      10 | 100.0
            +---------+---------+-------+---------+---------+-------
